 Dungeon Crawl Stone Soup version 0.31.0-11-ge490571c62 (webtiles) character file.

Game seed: 8536638288354488705

23116660 rbyellow5 the Plane Wriggler (level 27, 291/291 HPs)
             Began as an Octopode Fighter on Jan 29, 2024.
             Was a High Priest of Ashenzari.
             Escaped with the Orb
             ... and 15 runes
             ... and 5 gems on Jan 31, 2024!
             The game lasted 06:47:53 (66892 turns).

rbyellow5 the Plane Wriggler (Octopode Fighter)    Turns: 66892, Time: 06:47:53

Health: 291/291    AC: 47    Str: 34    XL:     27
Magic:  54/54      EV: 57    Int: 16    God:    Ashenzari [*****.]
Gold:   14160      SH: 37    Dex: 33    Spells: 56/80 levels left

rFire   + +          .
                       - Unarmed
rCold   + + +        e - +7 tower shield "Vexation of Ashenzari" {Dex+7 SInv, Self, Range} (curse)
rNeg    + + +        S - +1 hat of Ashenzari's Annoyance {Melee, Dev} (curse)
rPois   ∞            l - amulet of the Cursed Seer {RegenMP Regen+ Str+3, Melee, Fort} (curse)
rElec   +            d - ring of Toth-Mos's Legacy {Dex+6, Melee, Comp} (curse)
rCorr   +            t - ring of the Oracular Yoke {Fly rElec rC+ AC+4 Stlth-, Dev, Cun} (curse)
SInv    +            O - ring "Sun of the Lashed Augur" {Fire rN+ Str+3 Dex+4 Slay+3, Dev, Self} (curse)
Will    ++...        c - ring "Ofutibb" {rF+ rC- Slay+4 Stlth+}
Stlth   +            G - ring "Gaegoer" {Fly rC+ rN+ rCorr Dex-3}
HPRegen 1.48/turn    r - ring of the Hare {EV+10, Self, Range} (curse)
MPRegen 0.74/turn    m - ring "Restrained Together" {rC+++ AC+4 Str-2 Int+5 SInv, Self, Range} (curse)
                     W - ring of the Profound Shame {^Drain Str+3 Dex+6 Slay+2, Dev, Sorc} (curse)

%: clarity
@: statue-form, flying, studying 2 skills, very slow
A: slow and powerful, torment resistance 1, boosted hp, almost no armour,
amphibious, 8 rings, camouflage 1, (gelatinous body 1), (nimble swimmer 1),
tentacles, MP-powered wands
0: Orb of Zot
}: 15/15 runes: serpentine, barnacled, slimy, silver, golden, iron, obsidian,
icy, bone, abyssal, demonic, glowing, magical, fiery, dark
a: Begin Untransformation, Renounce Religion, Curse Item, Shatter the Chains


You escaped.
You worshipped Ashenzari.
Ashenzari was extremely pleased with you.
You were a living statue of rough stone.
You visited 18 branches of the dungeon, and saw 88 of its levels.
You visited Pandemonium 2 times, and saw 34 of its levels.
You visited the Abyss 1 time.
You also visited: Trove, Bailey, Ice Cave, Volcano and Desolation.

You collected 19383 gold pieces.
You spent 5223 gold pieces at shops.

Inventory:

Missiles
 p - a silver javelin (quivered)
 B - 16 boomerangs
 V - 15 darts of dispersal
 X - 3 javelins
 Z - 9 throwing nets
Armour
 e - the cursed +7 tower shield "Vexation of Ashenzari" (worn) {Dex+7 SInv, Self, Range}
   (You acquired it on level 2 of the Depths)

   Dex+7:     It affects your dexterity (+7).
   SInv:      It lets you see invisible.
   It has a curse which improves the following skills: Introspection: Fighting
   and Spellcasting.
   Ranged Combat: Ranged Weapons and Throwing.
 S - the cursed +1 hat of Ashenzari's Annoyance (worn) {Melee, Dev}
   (You found it on level 4 of the Shoals)

   It has a curse which improves the following skills: Melee Combat: Short
   Blades, Long Blades, Axes, Maces & Flails, Polearms, Staves and Unarmed
   Combat.
   Devices:   Evocations and Shapeshifting.
Jewellery
 c - the ring "Ofutibb" (on tentacle) {rF+ rC- Slay+4 Stlth+}
   (You found it in a treasure trove)

   [ring of slaying]

   Slay+4:    It affects your accuracy & damage with ranged weapons and melee
   (+4).
   rF+:       It protects you from fire.
   rC-:       It makes you vulnerable to cold.
   Stlth+:    It makes you more stealthy.
 d - the cursed ring of Toth-Mos's Legacy (left tentacle) {Dex+6, Melee, Comp}
   (You found it on level 1 of the Dungeon)

   [ring of dexterity]

   Dex+6:     It affects your dexterity (+6).
   It has a curse which improves the following skills: Melee Combat: Short
   Blades, Long Blades, Axes, Maces & Flails, Polearms, Staves and Unarmed
   Combat.
   Companions: Summonings and Necromancy.
 g - a +4 ring of slaying
 j - the ring of Betam {rC+ Int+3}
   (You found it in Pandemonium)

   [ring of protection from cold]

   Int+3:     It affects your intelligence (+3).
   rC+:       It protects you from cold.
 k - the ring of Tokkog {rF+ Will+ Str+3 Int-4}
   (You found it on level 7 of the Iron City of Dis)

   [ring of willpower]

   Str+3:     It affects your strength (+3).
   Int-4:     It affects your intelligence (-4).
   rF+:       It protects you from fire.
   Will+:     It increases your willpower.
 l - the cursed amulet of the Cursed Seer (around mantle) {RegenMP Regen+ Str+3, Melee, Fort}
   (You found it in the Desolation of Salt)

   [amulet of magic regeneration]

   RegenMP:   It increases your rate of magic regeneration.
   Str+3:     It affects your strength (+3).
   Regen+:    It increases your rate of health regeneration.
   It has a curse which improves the following skills: Melee Combat: Short
   Blades, Long Blades, Axes, Maces & Flails, Polearms, Staves and Unarmed
   Combat.
   Fortitude: Shields.
 m - the cursed ring "Restrained Together" (on tentacle) {rC+++ AC+4 Str-2 Int+5 SInv, Self, Range}
   (You took it off a frost giant on level 5 of the Vaults)

   [ring of protection]

   AC+4:      It affects your AC (+4).
   Str-2:     It affects your strength (-2).
   Int+5:     It affects your intelligence (+5).
   rC+++:     It renders you almost immune to cold.
   SInv:      It lets you see invisible.
   It has a curse which improves the following skills: Introspection: Fighting
   and Spellcasting.
   Ranged Combat: Ranged Weapons and Throwing.
 r - the cursed ring of the Hare (on tentacle) {EV+10, Self, Range}
   (You found it in a treasure trove)

   [ring of evasion]

   EV+10:     It affects your evasion (+10).
   It has a curse which improves the following skills: Introspection: Fighting
   and Spellcasting.
   Ranged Combat: Ranged Weapons and Throwing.
 s - the ring of Moasoiso {Fire rElec rN+}
   (You found it in a treasure trove)

   [ring of fire]

   Fire:      It enhances your fire magic.
   rF+:       It protects you from fire.
   rC-:       It makes you vulnerable to cold.
   rElec:     It insulates you from electricity.
   rN+:       It protects you from negative energy.
 t - the cursed ring of the Oracular Yoke (right tentacle) {Fly rElec rC+ AC+4 Stlth-, Dev, Cun}
   (You found it in Pandemonium)

   [ring of protection]

   AC+4:      It affects your AC (+4).
   rC+:       It protects you from cold.
   rElec:     It insulates you from electricity.
   Fly:       It grants you flight.
   Stlth-:    It makes you less stealthy.
   It has a curse which improves the following skills: Devices: Evocations and
   Shapeshifting.
   Cunning:   Dodging and Stealth.
 G - the ring "Gaegoer" (on tentacle) {Fly rC+ rN+ rCorr Dex-3}
   (You found it on level 7 of the Iron City of Dis)

   [ring of positive energy]

   Dex-3:     It affects your dexterity (-3).
   rC+:       It protects you from cold.
   rN+:       It protects you from negative energy.
   Fly:       It grants you flight.
   rCorr:     It protects you from acid and corrosion.
 O - the cursed ring "Sun of the Lashed Augur" (on tentacle) {Fire rN+ Str+3 Dex+4 Slay+3, Dev, Self}
   (You found it in the Desolation of Salt)

   [ring of fire]

   Fire:      It enhances your fire magic.
   Str+3:     It affects your strength (+3).
   Dex+4:     It affects your dexterity (+4).
   Slay+3:    It affects your accuracy & damage with ranged weapons and melee
   (+3).
   rF+:       It protects you from fire.
   rC-:       It makes you vulnerable to cold.
   rN+:       It protects you from negative energy.
   It has a curse which improves the following skills: Devices: Evocations and
   Shapeshifting.
   Introspection: Fighting and Spellcasting.
 T - the ring of Qazlal, Summoning {rPois rF+ rCorr}
   (You found it in Pandemonium)

   [ring of protection from fire]

   rF+:       It protects you from fire.
   rPois:     It protects you from poison rCorr: It protects you from acid and
   corrosion.
 U - the ring of Voimpis {Fire MP+9 Str+4}
   (You found it on level 7 of the Iron City of Dis)

   [ring of fire]

   Fire:      It enhances your fire magic.
   Str+4:     It affects your strength (+4).
   rF+:       It protects you from fire.
   rC-:       It makes you vulnerable to cold.
   MP+9:      It affects your magic capacity (+9).
 W - the cursed ring of the Profound Shame (on tentacle) {^Drain Str+3 Dex+6 Slay+2, Dev, Sorc}
   (You took it off a tengu reaver on level 5 of the Vaults)

   [ring of dexterity]

   Str+3:     It affects your strength (+3).
   Dex+6:     It affects your dexterity (+6).
   Slay+2:    It affects your accuracy & damage with ranged weapons and melee
   (+2).
   ^Drain:    It drains your maximum health when unequipped.
   It has a curse which improves the following skills: Devices: Evocations and
   Shapeshifting.
   Sorcery:   Conjurations and Alchemy.
Talismans
 y - a talisman of death
 A - a granite talisman (active)
Wands
 a - a wand of roots (71)
 v - a wand of light (50)
 K - a wand of charming (74)
 Y - a wand of digging (16)
Scrolls
 f - 21 scrolls of teleportation
 i - 8 scrolls of fog
 q - 3 scrolls of silence
 x - 4 scrolls of poison
 z - 2 scrolls of blinking
 D - 2 scrolls of immolation
 I - 15 scrolls of fear
 R - a scroll of summoning
Potions
 b - a potion of mutation
 h - 3 potions of invisibility
 n - a potion of haste
 u - 6 potions of ambrosia
 w - 45 potions of curing
 C - 11 potions of enlightenment
 E - 2 potions of attraction
 H - 2 potions of berserk rage
 J - 6 potions of might
 L - 5 potions of resistance
 M - 3 potions of heal wounds
 N - a potion of cancellation
Miscellaneous
 F - a figurine of a ziggurat
 P - a tin of tremorstones (2/2)
 Q - a phantom mirror


   Skills:
 - Level 22.4(27) Fighting
 + Level 20.4(24.2) Throwing
 - Level 25.5(27) Dodging
 - Level 25.2(27) Shields
 - Level 23.3(27) Unarmed Combat
 + Level 23.4(27) Spellcasting
 O Level 27 Translocations
 + Level 6.6 Earth Magic
 + Level 14.7(19.7) Evocations
 + Level 22.4(27) Shapeshifting


You had 56 spell levels left.
You knew the following spells:

 Your Spells              Type           Power      Damage    Failure   Level
a - Manifold Assault      Tloc           82%        N/A       0%          4
b - Lee's Rapid Deconstr  Erth           21%        3d12*     2%          5
c - Iskenderun's Mystic   Conj/Tloc      60%        2d13      1%          4
d - Passwall              Erth           42%        N/A       1%          3
e - Disjunction           Tloc           41%        N/A       1%          8

Your spell library contained the following spells:

 Spells                   Type           Power      Damage    Failure   Level
 Apportation              Tloc           100%       N/A       0%          1
 Lesser Beckoning         Tloc           100%       N/A       0%          2
 Momentum Strike          Conj/Tloc      100%       3d10      0%          2
 Gell's Gravitas          Tloc           82%        N/A       0%          3
 Teleport Other           Tloc           82%        N/A       0%          3
 Passage of Golubria      Tloc           82%        N/A       0%          4
 Dispersal                Tloc           41%        N/A       0%          6
 Freeze                   Ice            84%        1d9       1%          1
 Kiss of Death            Conj/Necr      88%        2d12      1%          1
 Magic Dart               Conj           88%        1d7       1%          1
 Necrotise                Necr           88%        1d8       1%          1
 Shock                    Conj/Air       88%        1d8       1%          1
 Slow                     Hex            84%        N/A       1%          1
 Sting                    Conj/Alch      88%        1d8       1%          1
 Summon Small Mammal      Summ           88%        N/A       1%          1
 Stone Arrow              Conj/Erth      64%        3d11      1%          3
 Volatile Blastmotes      Fire/Tloc      100%       2d18      1%          3
 Dimensional Bullseye     Hex/Tloc       29%        N/A       1%          4
 Vhi's Electric Charge    Tloc/Air       100%       N/A       1%          4
 Call Imp                 Summ           44%        N/A       2%          2
 Cigotuvi's Dreadful Rot  Necr/Alch/Air  44%        N/A       2%          2
 Ensorcelled Hibernation  Hex/Ice        42%        N/A       2%          2
 Jinxbite                 Hex            42%        N/A       2%          2
 Mercury Vapours          Alch/Air       44%        N/A       2%          2
 Scorch                   Fire           64%        2d7       2%          2
 Searing Ray              Conj           44%        2d6       2%          2
 Static Discharge         Conj/Air       44%        3-5/arc   2%          2
 Brom's Barrelling Bould  Conj/Erth      32%        2d5       3%          4
 Leda's Liquefaction      Alch/Erth      16%        N/A       3%          4
 Petrify                  Alch/Erth      32%        N/A       3%          4
 Call Canine Familiar     Summ           22%        N/A       4%          3
 Confusing Touch          Hex            21%        N/A       4%          3
 Dazzling Flash           Conj/Hex       44%        N/A       4%          3
 Frozen Ramparts          Ice            42%        1d7       4%          3
 Fugue of the Fallen      Necr           22%        N/A       4%          3
 Hailstorm                Conj/Ice       22%        3d7       4%          3
 Inner Flame              Hex/Fire       32%        N/A       4%          3
 Mephitic Cloud           Conj/Alch/Air  22%        N/A       4%          3
 Ozocubu's Armour         Ice            21%        N/A       4%          3
 Sigil of Binding         Hex            21%        N/A       4%          3
 Summon Ice Beast         Ice/Summ       22%        N/A       4%          3
 Swiftness                Air            21%        N/A       4%          3
 Tukima's Dance           Hex            21%        N/A       4%          3
 Vampiric Draining        Necr           22%        2d7       4%          3
 Malign Gateway           Summ/Tloc      30%        N/A       4%          7
 Borgnjor's Vile Clutch   Necr/Erth      16%        N/A       11%         5
 Animate Dead             Necr           22%        N/A       14%         4
 Dispel Undead            Necr           22%        3d12      14%         4
 Fulminant Prism          Conj/Alch      11%        3d9       14%         4
 Martyr's Knell           Necr/Summ      22%        N/A       14%         4
 Airstrike                Air            10%        2d(2-18)  16%         4
 Anguish                  Hex/Necr       11%        N/A       16%         4
 Cause Fear               Hex            10%        N/A       16%         4
 Flame Wave               Conj/Fire      33%        2d10      16%         4
 Ignite Poison            Fire/Alch      33%        N/A       16%         4
 Sticky Flame             Fire/Alch      33%        2d7       16%         4
 Summon Blazeheart Golem  Fire/Summ      33%        N/A       16%         4
 Summon Lightning Spire   Summ/Air       22%        N/A       16%         4
 Alistair's Intoxication  Alch           14%        N/A       36%         5
 Curse of Agony           Necr           22%        N/A       36%         5
 Irradiate                Conj/Alch      11%        3d15      36%         5
 Iskenderun's Battlesphe  Conj           22%        2d8       36%         5
 Arcjolt                  Conj/Air       11%        1d21      38%         5
 Fireball                 Conj/Fire      16%        3d8       38%         5
 Freezing Cloud           Conj/Ice/Air   10%        6-21      38%         5
 Summon Mana Viper        Hex/Summ       22%        N/A       38%         5
 Metabolic Englaciation   Hex/Ice        10%        N/A       41%         5
 Silence                  Hex/Air        10%        N/A       41%         5
 Bombard                  Conj/Erth      16%        9d3       52%         6
 Death Channel            Necr           11%        N/A       91%         6
 Eringya's Noxious Bog    Alch           11%        4d6       91%         6
 Conjure Ball Lightning   Conj/Air       11%        3x3d6     93%         6
 Sculpt Simulacrum        Ice/Alch       11%        N/A       93%         6
 Starburst                Conj/Fire      16%        6d6       93%         6
 Plasma Beam              Fire/Air       16%        2x1d27    94%         6
 Haunt                    Necr/Summ      11%        N/A       100%        7
 Orb of Destruction       Conj           11%        9d6       100%        7
 Ozocubu's Refrigeration  Ice            10%        4d9       100%        7
 Discord                  Hex            10%        N/A       100%        8
 Ignition                 Fire           16%        3d6       100%        8
 Infestation              Necr           11%        N/A       100%        8
 Lehudib's Crystal Spear  Conj/Erth      16%        10d5      100%        8
 Maxwell's Capacitive Co  Air            10%        ∞         100%        8
 Summon Horrible Things   Summ           11%        N/A       100%        8
 Death's Door             Necr           11%        N/A       100%        9
 Dragon's Call            Summ           11%        N/A       100%        9
 Fire Storm               Conj/Fire      16%        8d4       100%        9
 Polar Vortex             Ice            10%        12d1*     100%        9
 Shatter                  Erth           21%        3d19*     100%        9
 Sublimation of Blood     Necr           Unusable   N/A       N/A         2
 Animate Armour           Summ/Erth      Unusable   N/A       N/A         4

Dungeon Overview and Level Annotations

Branches:
Dungeon (15/15)            Temple (1/1) D:6            Lair (5/5) D:11
 Shoals (4/4) Lair:2        Snake (4/4) Lair:2        Slime (5/5) Lair:4
    Orc (2/2) D:12            Elf (3/3) Orc:2        Vaults (5/5) D:14
  Crypt (3/3) Vaults:2       Tomb (3/3) Crypt:3      Depths (4/4) D:15
   Hell (visited)             Dis (7/7) Hell            Geh (7/7) Hell
    Coc (7/7) Hell            Tar (7/7) Hell            Zot (5/5) Depths:4
 Bailey (visited)           IceCv (visited)         Volcano (visited)
Desolation (visited)

Altars:
Ashenzari
Cheibriados
Dithmenos
Elyvilon
Fedhas
Gozag
Hepliaklqana
Kikubaaqudgha
Makhleb
Nemelex Xobeh
Okawaru
Qazlal
Ru
Sif Muna
Trog
Uskayaw
Vehumet
Wu Jian
Xom
Yredelemnul
Zin
The Shining One
Jiyva
Lugonu

Shops:
D:12 *=*?(   D:15 [(!   Orc:2 ((!((   Elf:1 !   Elf:2 ::   Depths:2 :

Portals:
Hell: Depths:1 Depths:2 Depths:3 Depths:4
Abyss: Geh:4 Depths:3
Pandemonium: Depths:1 Depths:2 Depths:4
Ziggurat: Depths:2

Annotations:
Depths:3 6 transporters


Innate Abilities, Weirdness & Mutations

You are a living statue of rough stone.
Your actions are slow, but your melee attacks are powerful.
You are resistant to unholy torment.
Your maximum health is greatly increased.
You cannot wear most types of armour.
You are amphibious.
You can wear up to eight rings at the same time.
You are immune to poison.
Your skin changes colour to match your surroundings (Stealth+).
((Your rubbery body absorbs attacks. (AC +1, EV +1)))
((You are camouflaged when in or above water. (Stealth+)))
You have tentacles for arms and can constrict up to eight enemies at once.
You expend magic power (3 MP) to strengthen your wands.


Message History

The balrug gestures at you. You block the pyre arrow.
The balrug gestures at you. The bolt of fire misses you.
The Ice Fiend calls on the powers of darkness!
Your body is wracked with pain!
The Ice Fiend gestures at you. The bolt of cold misses you.
There is a stone staircase leading up here.
The demonspawn blood saint calls on the powers of chaos!
You fly upwards.
There is a stone staircase leading down here.
What level of the Dungeon? (default 1, ? - help)
There is a stone staircase leading up here.
You fly upwards.
There is a stone staircase leading down here.
You sense a monster nearby.
An Urosuz and a red devil come into view.
Blink to where?
Press: ? - help, Dir - move target
As you read the scroll of blinking, it crumbles to dust.
Urosuz moves out of view.
The red devil moves out of view.
Blink to where?
Press: ? - help, Dir - move target You can't see that place. [the floor.]
Okay, then.
Blink to where?
Press: ? - help, Dir - move target
As you read the scroll of blinking, it crumbles to dust.
A sixfirhy comes into view.
You block the sixfirhy's attack. x3
You block the sixfirhy's attack. x3
You block the sixfirhy's attack. x2
Blink to where?
Press: ? - help, Dir - move target
As you read the scroll of blinking, it crumbles to dust.
You block the sixfirhy's attack.
There is a staircase leading out of the dungeon here.
You have escaped!

[...##.#..###.........#...# #...
....#......#######..#.#...# #...
.......P...### ##...#...# #...
....#..♣...#.#######......####...
.........♣.#♣.'.P###......'......
).......♣P3#.P#.♣P###.....####...
...[##....§####..P####..###...#..
....#......P.#P..P#♣P#...##.#.#.#
....#.P......'.38♣#P.'..........&
....#..♣.♣...'...P#P.'.####.#.#.4
....##.P.P...#...♣#♣P#.# #.#.#{#
....#......####..♣####.# #.#.#.#
...........#P.#.PP###.## #.#.#.#
#........♣.#..'.P###..# #.#....
#....#.♣...#♣#######.## #.#.#..
.....#.♣P.P# ##..# #.#####
.....##...P#######..## #.#....


You could see a sixfirhy.

Vanquished Creatures
  Antaeus (Coc:7)
  the Royal Jelly (Slime:5)
  Ereshkigal (Tar:7)
  Asmodeus (Geh:7)
  Gloorx Vloq (Pan)
  Lom Lobon (Pan)
  Mnoleg (Pan)
  the Serpent of Hell (Coc:7)
  8 dread liches
  Frederick (Vaults:2)
  2 orbs of fire (Zot:5)
  14 ancient liches
  Dispater (Dis:7)
  Mara (Vaults:3)
  Khufu (Tomb:3)
  4 juggernauts
  Mennas (Crypt:3)
  Sojobo (Crypt:1)
  10 royal mummies
  15 shard shrikes
  Bai Suzhen (Snake:4)
  Vv (Depths:2)
  5 Killer Klowns
  20 caustic shrikes
  Geryon (Hell)
  6 golden dragons
  Nikola (Vaults:1)
  A curse toe (Zot:4)
  8 profane servitors
  10 doom hounds
  20 bone dragons
  An electric golem (Zot:5)
  29 Tzitzimimeh
  11 hellephants
  22 Brimstone Fiends
  A spectral shard shrike (Tar:4)
  15 iron giants
  12 pandemonium lords
  14 tentacled monstrosities
  31 Ice Fiends
  11 Hell Sentinels
  2 shard shrike zombies (Tar:4)
  19 tainted leviathans
  23 Orb Guardians
  2 walking crystal tomes
  13 titans
  17 sphinxes
  Mlioglotl (Shoals:1)
  38 searing wretches
  A deep elf master archer (Elf:3)
  3 deep elf blademasters
  7 liches
  Asterion (Snake:2)
  4 krakens (Shoals:4)
  3 quicksilver dragons
  24 Executioners
  13 acid blobs
  5 death cobs
  8 shadow dragons
  10 storm dragons
  35 ancient champions
  7 tentacled starspawn
  9 tengu reavers
  22 fire giants
  10 protean progenitors
  5 narguns
  2 nagarajas
  13 demonspawn warmongers (Pan)
  11 draconian monks
  3 revenants
  Donald (Snake:3)
  Aizul (Snake:4)
  A fenstrider witch (Pan)
  3 daevas
  17 vault wardens
  12 deep elf sorcerers
  8 rockslimes
  8 frost giants
  6 draconian scorchers
  3 imperial myrmidons (Desolation)
  9 azure jellies
  4 draconian knights
  6 quicksilver elementals
  15 shard shrike simulacra
  2 spectral caustic shrikes
  59 balrugs
  5 curse skulls
  2 angels (Pan)
  A spectral juggernaut (Tar:2)
  18 iron dragons
  3 deep elf elementalists (Elf:3)
  4 draconian annihilators
  17 demonspawn blood saints (Pan)
  3 juggernaut skeletons (Pan)
  18 reapers
  An orc warlord (Vaults:1)
  13 demonspawn corrupters (Pan)
  12 stone giants
  3 draconian stormcallers (Zot:2)
  3 spriggan defenders (Depths:3)
  A caustic shrike zombie (Tomb:2)
  18 ironbound preservers
  A caustic shrike skeleton (Pan)
  22 cacodemons
  9 vampire knights
  4 quicksilver oozes
  25 very ugly things
  9 ironbound thunderhulks
  2 broodmothers (Pan)
  4 green draconians
  9 bennus
  2 formless jellyfish
  47 putrid mouths
  12 black draconians
  2 deep elf demonologists (Elf:3)
  14 demonspawn black suns (Pan)
  24 elemental wellsprings
  13 deep elf annihilators
  23 lorocyprocas
  7 red draconians
  The ghost of jejorda2 the Mimic, a journeyman DrMo of Nemelex Xobeh (Lair:3)
  16 wendigos
  5 deep elf death magi
  2 halazid warlocks (Desolation)
  6 spark wasps
  41 war gargoyles
  8 purple draconians
  Azrael (Elf:1)
  3 dire elephants (Vaults:2)
  7 yellow draconians
  25 iron golems
  7 white draconians
  8 crystal guardians
  5 eidola
  A spectral quicksilver dragon (Tar:3)
  16 ettins
  13 merfolk impalers
  8 jiangshi
  Josephine (Lair:3)
  3 merfolk javelineers
  7 green deaths (Pan)
  15 mummy priests
  22 blizzard demons
  Snorg (D:11)
  7 fire dragons
  2 spriggan zombies
  A spectral iron giant (Tar:4)
  10 ragged hierophants
  8 deep elf high priests
  10 great orbs of eyes
  5 spectral spriggans
  A kraken zombie (Hell)
  2 entropy weavers
  11 yaktaur captains
  33 vault guards
  5 servants of whispers (Desolation)
  8 salamander tyrants
  4 catoblepae
  6 ice dragons
  9 hell beasts
  4 hydras
  11 caustic shrike simulacra
  13 peacekeepers
  A fenstrider witch zombie (Tomb:1)
  6 rakshasas
  16 centaur warriors
  4 merfolk aquamancers
  5 ogre magi
  A death knight (Abyss:1)
  5 spriggan air magi
  9 juggernaut simulacra
  2 merfolk avatars
  7 ironbound frosthearts
  4 jorogumos
  18 two-headed ogres
  9 stokers
  A spriggan skeleton (Tomb:3)
  17 anacondas
  6 alligator snapping turtles
  A two-headed ogre (shapeshifter) (Vaults:5)
  2 boulder beetles
  A satyr (Shoals:4)
  42 dancing weapons
  3 titan zombies (Crypt:3)
  44 death scarabs
  4 deep troll shamans
  16 naga warriors
  3 deep troll earth magi
  4 vampire magi
  19 death yaks
  An orc high priest (Elf:3)
  47 hell hogs
  4 spectral nagas
  9 spriggan berserkers
  8 tengu warriors
  15 naga sharpshooters
  4 occultists
  A shock serpent (shapeshifter) (Elf:3)
  10 demonic crawlers
  3 thrashing horrors
  A spectral dire elephant (Tar:3)
  14 crystal echidnas
  14 hell knights
  13 shock serpents
  14 deep elf knights
  35 soul eaters
  91 sun demons
  29 sixfirhies
  2 storm dragon zombies (Hell)
  Nergalle (D:11)
  6 spriggans
  7 salamander mystics
  7 wretched stars
  34 skeletal warriors
  A skyshark (shapeshifter) (Vaults:5)
  A fire crab (Volcano)
  A hellephant skeleton (Pan)
  A storm dragon skeleton (Crypt:3)
  2 titan skeletons
  10 skysharks
  An anaconda zombie (Hell)
  16 sea snakes
  2 spatial maelstroms
  12 mana vipers
  A sea snake (shapeshifter) (Depths:3)
  A mana viper (shapeshifter) (Vaults:5)
  A golden dragon zombie (Tar:4)
  A fire crab (shapeshifter) (Depths:3)
  19 shadow demons
  2 spectral anacondas (Tar:4)
  5 quicksilver dragon simulacra (Coc:7)
  29 shadow wraiths
  10 iron trolls
  11 glowing orange brains
  5 naga ritualists
  An iron giant zombie (Tar:4)
  3 flayed ghosts
  18 ironbound convokers
  13 lindwurms
  33 deep trolls
  11 arcanists
  11 deep elf archers
  5 sun moths (Pan)
  An obsidian statue (Zot:5)
  7 harpies
  28 deep elf zephyrmancers
  9 phantasmal warriors
  An eye of devastation (shapeshifter) (Vaults:5)
  A lindwurm (shapeshifter) (Vaults:5)
  2 bunyip skeletons
  24 salamanders
  54 ugly things
  9 cyclopes
  A shining eye (shapeshifter) (D:11)
  31 deep elf pyromancers
  32 large abominations
  An orc sorcerer (Elf:3)
  15 necromancers
  3 orc knights (Vaults:1)
  A wolf spider (D:11)
  3 worldbinders
  2 alligator zombies
  7 shining eyes
  13 elephants
  2 oklob plants (Lair:4)
  A frost giant zombie (Vaults:4)
  26 manticores
  A spectral ettin (Tar:6)
  6 fauns (Shoals:2)
  10 merfolk sirens
  14 guardian serpents
  A jorogumo skeleton (Crypt:1)
  3 meliai (D:15)
  A spectral centaur (Tar:2)
  A centaur zombie (Crypt:3)
  9 moths of wrath
  2 stone giant skeletons (Vaults:4)
  An iron dragon skeleton (Crypt:3)
  A kobold blastminer (Orc:1)
  An ice statue (IceCv)
  A spectral alligator snapping turtle (Tar:3)
  7 titan simulacra
  5 apocalypse crabs
  13 naga magi
  2 human skeletons (Vaults:4)
  3 gargoyles
  20 vault sentinels
  7 eyes of devastation
  40 black mambas
  14 cane toads
  A frost giant skeleton (Crypt:2)
  16 rust devils
  8 unseen horrors
  An eleionoma skeleton (Crypt:2)
  34 smoke demons
  4 water nymphs
  A cane toad (shapeshifter) (Abyss:3)
  A centaur skeleton (Crypt:3)
  An unseen horror (shapeshifter) (Elf:2)
  27 yaktaurs
  21 hellions
  A shock serpent skeleton (Crypt:2)
  A white draconian zombie (Crypt:2)
  2 bunyip simulacra (Coc:1)
  A dire elephant skeleton (Abyss:4)
  A kobold demonologist (D:11)
  A sea snake zombie (Hell)
  22 orange demons
  7 rime drakes
  20 freezing wraiths
  A naga skeleton (Abyss:4)
  29 tormentors
  11 komodo dragons
  A yaktaur skeleton (Vaults:4)
  20 ice devils
  9 anaconda simulacra
  10 efreet
  4 iron giant simulacra
  30 guardian mummies
  A red draconian skeleton (Crypt:1)
  9 ancient zymes
  8 tengu conjurers
  4 spectral harpies
  3 harpy zombies
  4 hydra zombies
  7 red devils
  A polar bear (shapeshifter) (Vaults:5)
  22 merfolk
  A silent spectre (Tar:6)
  A polar bear (Lair:5)
  8 trolls
  85 saltlings
  10 wind drakes
  2 hydra skeletons
  20 hellwings
  8 raiju
  7 hornets
  7 snapping turtles
  18 blink frogs
  3 iron dragon simulacra
  A culicivora zombie (Crypt:1)
  2 ettin zombies
  10 glass eyes
  A meliai zombie (Crypt:1)
  A centaur simulacrum (Coc:2)
  57 slime creatures
  A guardian serpent skeleton (Crypt:1)
  5 wyverns
  44 ynoxinuls
  4 shadows
  2 air elementals
  16 water elementals
  An ettin skeleton (Hell)
  13 wraiths
  A basilisk (shapeshifter) (Abyss:3)
  8 dire elephant simulacra
  67 yaks
  19 ushabtiu
  A basilisk (D:11)
  14 fire bats
  8 golden eyes
  71 starcursed masses
  7 vampire mosquitoes
  4 wargs
  3 redbacks
  17 neqoxecs
  7 fire elementals
  An alligator snapping turtle simulacrum (Coc:2)
  11 steam dragons
  5 death yak simulacra (IceCv)
  A two-headed ogre zombie (Crypt:3)
  14 harpy simulacra
  13 chaos spawn
  3 naga zombies
  An acid dragon (D:11)
  37 nagas
  3 spatial vortices (Abyss:3)
  18 water moccasins
  17 hell hounds
  An acid dragon (shapeshifter) (Vaults:5)
  4 hydra simulacra
  A merfolk simulacrum (Coc:1)
  3 ettin simulacra
  4 ice beasts
  22 orc warriors
  46 laughing skulls
  3 sky beasts
  A black bear (D:7)
  A swamp dragon zombie (Crypt:2)
  30 ogres
  6 centaurs
  21 wolves
  A manticore skeleton (Crypt:1)
  A dream sheep skeleton (Crypt:2)
  13 weeping skulls (Abyss:4)
  6 kobold brigands
  13 bullfrogs
  2 brain worms (Abyss:3)
  3 necrophages (Crypt:3)
  11 gnoll sergeants
  3 scorpions
  38 small abominations
  2 two-headed ogre simulacra (IceCv)
  3 earth elementals
  3 cane toad simulacra (IceCv)
  A wight (D:9)
  6 elephant simulacra (IceCv)
  A human simulacrum (Vaults:4)
  5 killer bees (D:11)
  6 electric eels
  A howler monkey (D:4)
  4 crimson imps (Depths:1)
  4 bombardier beetles
  2 quasits (Abyss:1)
  5 hounds
  A jelly (D:4)
  11 orc priests
  7 gnoll boudas (Bailey)
  3 iguanas
  2 iron imps (Abyss:1)
  19 orc wizards
  A scorpion zombie (Crypt:2)
  2 sleepcaps
  Ijyb (D:5)
  2 polar bear simulacra (IceCv)
  6 spriggan simulacra
  4 wolf simulacra (IceCv)
  A deep dwarf skeleton (Crypt:2)
  40 mummies
  Robin (D:4)
  16 gnolls
  12 adders
  3 naga simulacra
  A shadow imp (Tar:7)
  6 white imps
  7 ufetubi
  3 dart slugs
  A ribbon worm (D:2)
  62 orcs
  An orc (shapeshifter) (D:14)
  5 ball pythons
  5 endoplasms
  5 giant cockroaches
  16 goblins
  9 hobgoblins
  34 kobolds
  3 quokkas
  4 bats
  2 frilled lizards
  A goblin skeleton (Crypt:2)
  A kobold skeleton (Crypt:2)
  9 rats
  A river rat skeleton (Crypt:1)
  An aspiring flesh (Zot:5)
  3 creeping infernos
  10 fire vortices
  4 lurking horrors
  2 starspawn tentacles
  8 tentacles
4398 creatures vanquished.

Vanquished Creatures (collateral kills)
  A pandemonium lord (Pan)
  An ogre mage (Orc:2)
  2 ogres (Orc:2)
  An orc priest (Orc:2)
  An orc (Orc:2)
  2 fire vortices (Pan)
8 creatures vanquished.

Vanquished Creatures (others)
  Cerebov (Pan)
  A deep elf master archer (Elf:3)
  An eldritch tentacle (Pan)
  A balrug (Pan)
  A deep elf sorcerer (Elf:3)
  A shard shrike simulacrum (Coc:7)
  A deep elf demonologist (Vaults:5)
  A bennu (Tomb:3)
  A mummy priest (Tomb:3)
  A vault guard (Vaults:5)
  A juggernaut simulacrum (Coc:5)
  A caustic shrike simulacrum (Coc:1)
  2 death scarabs (Tomb:3)
  A quicksilver dragon simulacrum (Coc:7)
  2 spriggan simulacra (Coc:7)
  A slime creature (Abyss:4)
  2 vault sentinels (Vaults:5)
  3 hellions
  An anaconda simulacrum (Coc:7)
  2 guardian mummies (Tomb:3)
  An iron giant simulacrum (Coc:6)
  A shadow dragon simulacrum (Coc:1)
  A blink frog (Abyss:1)
  An iron dragon simulacrum (Coc:5)
  An ushabti (Tomb:3)
  A fire elemental (Elf:3)
  2 harpy simulacra (Coc:7)
  A hell hound (Hell)
  A hydra simulacrum (Coc:6)
  2 ettin simulacra
  2 ogres
  A boggart (Elf:3)
  An orc priest (Orc:2)
  2 mummies (Tomb:3)
  6 creeping infernos
  6 foxfires (Shoals:1)
  A lurking horror (Abyss:4)
  11 starspawn tentacles
  19 tentacles
87 creatures vanquished.

Grand Total: 4493 creatures vanquished

Notes
Turn   | Place    | Note
-------+----------+-------------------------------------------
     0 | D:1      | rbyellow5 the Octopode Fighter began the quest for the Orb.
     0 | D:1      | Reached XP level 1. HP: 16/16 MP: 1/1
   115 | D:1      | Reached XP level 2. HP: 18/21 MP: 2/2
   807 | D:2      | Reached XP level 3. HP: 21/26 MP: 3/3
  1009 | D:2      | Reached XP level 4. HP: 26/31 MP: 2/4
  1043 | D:2      | Identified the +4 dagger of the Swamp {freeze, rF+}
  1440 | D:3      | Found a shadowy altar of Dithmenos.
  1618 | D:3      | Found an ornate altar of the Wu Jian Council.
  1796 | D:3      | Found a stormy altar of Qazlal.
  1816 | D:3      | Found a blossoming altar of Fedhas.
  1855 | D:3      | Found an opulent altar of Gozag.
  2060 | D:4      | Reached XP level 5. HP: 35/37 MP: 5/5
  2500 | D:4      | Reached skill level 1 in Throwing
  2500 | D:4      | Reached XP level 6. HP: 43/43 MP: 6/6
  2541 | D:4      | Noticed Robin
  2556 | D:4      | Killed Robin
  2945 | D:4      | Reached skill level 5 in Unarmed Combat
  2981 | D:5      | Entered Level 5 of the Dungeon
  2981 | D:5      | Noticed an ice beast
  2991 | D:5      | Killed an ice beast
  2992 | D:5      | Reached XP level 7. HP: 40/48 MP: 4/7
  3144 | D:5      | Noticed Ijyb
  3148 | D:5      | Killed Ijyb
  3532 | D:5      | Reached XP level 8. HP: 54/54 MP: 8/8
  3860 | D:6      | Reached skill level 1 in Shapeshifting
  4096 | D:6      | Found a staircase to the Ecumenical Temple.
  4105 | Temple   | Entered the Ecumenical Temple
  4120 | Temple   | Became a worshipper of Ashenzari the Shackled
  4813 | D:7      | Reached XP level 9. HP: 26/58 MP: 7/9
  5017 | D:7      | Identified the +7 dagger of Shrieking Terror {heavy, rF+
                  | rN+ Int+4 Dex-5}
  5134 | D:7      | Reached skill level 5 in Dodging
  5512 | D:7      | Found a basalt altar of Yredelemnul.
  5512 | D:7      | Noticed a hornet
  5518 | D:7      | Killed a hornet
  5524 | D:7      | Found a white marble altar of Elyvilon.
  5538 | D:7      | Found a shimmering altar of Xom.
  5541 | D:7      | Found a sacrificial altar of Ru.
  5811 | D:8      | Reached * piety under Ashenzari
  5811 | D:8      | Identified a scroll of acquirement
  6242 | D:8      | Reached XP level 10. HP: 65/65 MP: 10/10
  6463 | D:9      | Reached skill level 10 in Unarmed Combat
  6516 | D:9      | Found a flagged portal.
  6529 | Bailey   | Entered a bailey
  6813 | Bailey   | Reached skill level 5 in Throwing
  6985 | Bailey   | Reached skill level 5 in Shapeshifting
  7493 | D:9      | Identified the +0 ring mail of Winter {rPois rN+ Will-}
  7564 | D:9      | Found an iron altar of Okawaru.
  7566 | D:9      | Found a runed translucent door.
  7570 | D:9      | Noticed a gargoyle
  7570 | D:9      | Found the +0 toga "Victory" {*Victory Clar}
  7571 | D:9      | Noticed a two-headed ogre
  7834 | D:9      | Reached ** piety under Ashenzari
  7969 | D:10     | Entered Level 10 of the Dungeon
  7969 | D:10     | Noticed an unseen horror
  7979 | D:10     | Killed an unseen horror
  7980 | D:10     | Reached skill level 5 in Fighting
  8121 | D:10     | Noticed a two-headed ogre
  8135 | D:10     | Killed a two-headed ogre
  8136 | D:10     | Reached XP level 11. HP: 72/72 MP: 11/11
  8528 | D:11     | Noticed a cyclops
  8535 | D:11     | Killed a cyclops
  8626 | D:11     | Noticed a manticore
  8639 | D:11     | Killed a manticore
  8640 | D:11     | Reached skill level 5 in Shields
  8769 | D:11     | Noticed a two-headed ogre
  8778 | D:11     | Killed a two-headed ogre
  9089 | D:11     | Noticed Nergalle
  9101 | D:11     | Killed Nergalle
  9132 | D:11     | Found a staircase to the Lair.
  9159 | D:11     | Noticed Snorg
  9170 | D:11     | Killed Snorg
  9500 | D:11     | Noticed a catoblepas
  9716 | D:11     | Noticed a wolf spider
  9721 | D:11     | Killed a wolf spider
  9865 | D:11     | Noticed a glowing orange brain
  9883 | D:11     | Noticed a sun moth
  9891 | D:11     | a sun moth changed into a shining eye
  9891 | D:11     | Noticed a shining eye (glowing shapeshifter)
  9892 | D:11     | Killed a shining eye
  9893 | D:11     | Reached XP level 12. HP: 70/80 MP: 12/12
 10024 | D:11     | Killed a catoblepas
 10265 | D:9      | Killed a two-headed ogre
 10438 | D:12     | Found Buboiw's Weapon Emporium.
 10533 | D:12     | Found a staircase to the Orcish Mines.
 10669 | D:12     | Reached *** piety under Ashenzari
 10733 | D:12     | Noticed a two-headed ogre
 10759 | D:12     | Killed a two-headed ogre
 10945 | D:12     | Found Muker's Jewellery Shoppe.
 10959 | D:12     | Found Pajiho's Assorted Antiques.
 11041 | D:12     | Found Ridghih's Magic Scroll Boutique.
 11048 | D:12     | Bought a scroll of immolation for 48 gold pieces
 11048 | D:12     | Bought a scroll of revelation for 90 gold pieces
 11048 | D:12     | Bought a scroll of fear for 48 gold pieces
 11048 | D:12     | Bought a scroll of fog for 48 gold pieces
 11202 | D:12     | Found Doclir Diull's Assorted Antiques.
 11206 | D:12     | Bought 2 scrolls of teleportation for 180 gold pieces
 11206 | D:12     | Bought a scroll of fear for 120 gold pieces
 11206 | D:12     | Bought a glowing tower shield for 225 gold pieces
 11434 | D:13     | Reached **** piety under Ashenzari
 11675 | D:13     | Noticed a centaur warrior
 11696 | D:13     | Killed a centaur warrior
 11708 | D:13     | Noticed a tengu warrior
 11715 | D:13     | Killed a tengu warrior
 11715 | D:13     | Noticed a centaur warrior
 11716 | D:13     | Reached XP level 13. HP: 71/92 MP: 13/13
 12458 | D:13     | Noticed a stone giant
 12528 | D:13     | Killed a stone giant
 13042 | D:14     | Noticed an ice dragon
 13196 | D:14     | Found a radiant altar of Vehumet.
 13410 | D:14     | Found a gate to the Vaults.
 13410 | D:14     | Noticed an ironbound preserver
 13476 | D:14     | Reached XP level 14. HP: 97/97 MP: 14/14
 13481 | D:14     | Reached skill level 15 in Unarmed Combat
 13662 | D:14     | Killed an ironbound preserver
 13717 | D:15     | Entered Level 15 of the Dungeon
 13720 | D:15     | Found a portal to a secret trove of treasure.
 13857 | D:15     | Found Ligyixukk's Antique Armour Shoppe.
 13863 | D:15     | Found Dibowuwk's Weapon Shoppe.
 14295 | D:15     | Found Baile's Distillery.
 14303 | D:15     | Bought a potion of heal wounds for 90 gold pieces
 14532 | D:15     | Found a broken altar of Ashenzari.
 14674 | D:15     | Found Maihioz's Distillery.
 14681 | D:15     | Bought a potion of heal wounds for 75 gold pieces
 14851 | D:15     | Found a staircase to the Depths.
 14851 | D:15     | Noticed a stone giant
 14864 | D:15     | Killed a stone giant
 14963 | Orc:1    | Entered Level 1 of the Orcish Mines
 15101 | Orc:1    | Found a dark tunnel.
 15115 | Orc:1    | Acquired 952 gold pieces
 15122 | Volcano  | Entered a volcano
 15130 | Volcano  | Found a large runed translucent door.
 15153 | Volcano  | Reached skill level 10 in Throwing
 15163 | Volcano  | Found a large runed translucent door.
 15228 | Volcano  | Found a large runed translucent door.
 15228 | Volcano  | Found a large runed translucent door.
 15255 | Volcano  | Found a large runed translucent door.
 15255 | Volcano  | Found a large runed translucent door.
 15280 | Volcano  | Found a large runed translucent door.
 15280 | Volcano  | Found a large runed translucent door.
 15311 | Volcano  | Found a large runed translucent door.
 15311 | Volcano  | Found a large runed translucent door.
 15415 | Volcano  | Found a large runed translucent door.
 15415 | Volcano  | Found a large runed translucent door.
 15443 | Volcano  | Found a large runed translucent door.
 15443 | Volcano  | Found a large runed translucent door.
 15453 | Volcano  | Reached skill level 10 in Fighting
 15506 | Volcano  | Found a large runed translucent door.
 15507 | Volcano  | Found a large runed translucent door.
 15516 | Volcano  | Found a large runed translucent door.
 15516 | Volcano  | Found a large runed translucent door.
 15516 | Volcano  | Identified the amulet of Dogucs {Acrobat Str+2 Stlth+}
 15705 | Orc:2    | Entered Level 2 of the Orcish Mines
 15741 | Orc:2    | Reached skill level 10 in Shapeshifting
 16005 | Orc:1    | Reached XP level 15. HP: 93/107 MP: 15/15
 16363 | Orc:2    | Found a staircase to the Elven Halls.
 16402 | Orc:2    | Found Suih's Weapon Emporium.
 16633 | Orc:2    | Found Rotsea's Distillery.
 16633 | Orc:2    | Found Dalyimec's Antique Weapon Emporium.
 16663 | Orc:2    | Found Yraytuod's Antique Weapon Boutique.
 16663 | Orc:2    | Found Zutziki's Antique Weapon Shoppe.
 16673 | Orc:2    | Bought a potion of ambrosia for 104 gold pieces
 16673 | Orc:2    | Bought a potion of cancellation for 104 gold pieces
 16673 | Orc:2    | Bought 2 potions of curing for 78 gold pieces
 16673 | Orc:2    | Bought a potion of might for 52 gold pieces
 16856 | Lair:1   | Entered Level 1 of the Lair of Beasts
 17075 | Lair:1   | Found an iron altar of Okawaru.
 17684 | Lair:1   | Found the +8 whip "Snakebite" {venom, curare, rPois}
 17746 | Lair:2   | Found a staircase to the Shoals.
 17783 | Lair:2   | Reached skill level 10 in Dodging
 17909 | Lair:2   | You are sucked into a shaft and drop 1 floor!
 18077 | Lair:3   | Found a frozen archway.
 18092 | IceCv    | Entered an ice cave
 18310 | IceCv    | Found an ancient bone altar of Kikubaaqudgha.
 18314 | IceCv    | Reached XP level 16. HP: 116/116 MP: 16/16
 18710 | Lair:3   | Found a runed translucent door.
 18710 | Lair:3   | Noticed jejorda2's ghost (journeyman DrMo)
 18733 | Lair:3   | Killed jejorda2's ghost
 18889 | Lair:2   | Found a staircase to the Snake Pit.
 19583 | Lair:3   | Noticed Josephine
 19603 | Lair:3   | Your ally Josephine died
 19744 | Lair:3   | Found a stormy altar of Qazlal.
 20817 | Lair:4   | Found a viscous altar of Jiyva.
 20819 | Lair:4   | Found a staircase to the Slime Pits.
 21013 | Lair:5   | Entered Level 5 of the Lair of Beasts
 22165 | Snake:1  | Entered Level 1 of the Snake Pit
 22191 | Snake:1  | Reached XP level 17. HP: 121/121 MP: 17/17
 22615 | Snake:1  | Reached ***** piety under Ashenzari
 23384 | Snake:3  | Noticed Asterion
 23385 | Snake:3  | Reached skill level 10 in Shields
 23405 | Snake:2  | Killed Asterion
 23514 | Snake:3  | Found a white marble altar of Elyvilon.
 24064 | Snake:4  | Entered Level 4 of the Snake Pit
 24064 | Snake:4  | Noticed Donald
 24076 | Snake:3  | Killed Donald
 24129 | Snake:4  | Noticed Bai Suzhen
 24143 | Snake:4  | Reached XP level 18. HP: 131/131 MP: 18/18
 24145 | Snake:4  | Killed Bai Suzhen
 24534 | Snake:4  | Identified the +3 trident of Conflict {freeze, rF+ Int+2}
 24780 | Snake:4  | Identified the serpent talisman "Erphuvoa" {Int+3 Stlth+}
 24780 | Snake:4  | Noticed Aizul
 24803 | Snake:4  | Killed Aizul
 25026 | Snake:4  | Got a serpentine rune of Zot
 25207 | Shoals:1 | Entered Level 1 of the Shoals
 25215 | Lair:2   | Learned a level 4 spell: Manifold Assault
 25710 | Shoals:1 | Noticed Mlioglotl
 25717 | Shoals:1 | Killed Mlioglotl
 25720 | Shoals:1 | Reached XP level 19. HP: 137/137 MP: 19/19
 26790 | Shoals:3 | Identified the +1 robe "Wygavuik" {+Inv rC- Regen+ Str+3}
 26938 | Shoals:3 | Reached skill level 15 in Dodging
 27468 | Shoals:4 | Entered Level 4 of the Shoals
 27481 | Shoals:4 | Reached skill level 15 in Shapeshifting
 27924 | Shoals:4 | Got a barnacled rune of Zot
 28187 | Shoals:4 | Identified the +0 pair of gloves of Paiheevu {Rampage Will-
                  | Regen+}
 28345 | Shoals:4 | Identified the staff of Truth {rElec Stlth+ Hexes Ice Air}
 28589 | Vaults:1 | Entered Level 1 of the Vaults
 28636 | Vaults:1 | Noticed Nikola
 28642 | Vaults:1 | Killed Nikola
 28681 | Vaults:1 | Reached XP level 20. HP: 144/144 MP: 20/20
 30155 | Vaults:2 | Paralysed by a vampire knight for 5 turns
 30190 | Vaults:2 | Found a staircase to the Crypt.
 30481 | Vaults:2 | Identified the orb of Weightlessness {*channel, Will+ rCorr
                  | Int+6 Dex-3}
 30481 | Vaults:2 | Noticed Frederick
 30494 | Vaults:2 | Killed Frederick
 30843 | Vaults:3 | Noticed Mara
 30852 | Vaults:3 | Killed Mara
 30984 | Vaults:2 | Identified the cursed +1 hat of Ashenzari's Annoyance
                  | {Melee, Dev} (You found it on level 4 of the Shoals)
 30984 | Vaults:2 | Identified the cursed +0 buckler of Ashenzari's Omission
                  | {Cun, Self}
 30984 | Vaults:2 | Identified the cursed ring of Toth-Mos's Legacy {Dex+6,
                  | Melee, Comp} (You found it on level 1 of the Dungeon)
 30984 | Vaults:2 | Identified the cursed ring of the Eternal Moon {Fly, Melee,
                  | Dev} (You found it on level 13 of the Dungeon)
 30984 | Vaults:2 | Identified the cursed ring of Ashenzari's Pleiades {Str+6,
                  | Dev, Self} (You found it on level 13 of the Dungeon)
 30984 | Vaults:2 | Identified the cursed ring "Lashed Ordeal" {rF+, Cun, Comp}
                  | (You found it on level 4 of the Dungeon)
 30984 | Vaults:2 | Identified the cursed ring "Oracular Malaise" {EV+5, Cun,
                  | Melee} (You found it on level 4 of the Dungeon)
 30984 | Vaults:2 | Identified the cursed ring of the Unyielding Gaze {rC+,
                  | Cun, Elem} (You found it on level 13 of the Dungeon)
 30984 | Vaults:2 | Identified the cursed ring of the Eye in the Sky {Dex+6,
                  | Dev, Elem} (You found it on level 1 of the Lair of Beasts)
 31194 | Vaults:3 | Reached XP level 21. HP: 149/149 MP: 21/21
 31645 | Vaults:3 | Identified the Catalogue of the Coals
 32497 | Vaults:4 | Reached skill level 15 in Shields
 32771 | Vaults:4 | Learned a level 5 spell: Lee's Rapid Deconstruction
 32776 | Vaults:4 | Learned a level 4 spell: Iskenderun's Mystic Blast
 32999 | Elf:1    | Entered Level 1 of the Elven Halls
 32999 | Elf:1    | Identified the Verses on Entranced Aeromancy
 32999 | Elf:1    | Found a runed translucent gate.
 32999 | Elf:1    | Found a runed translucent gate.
 32999 | Elf:1    | Found a runed translucent gate.
 32999 | Elf:1    | Found a runed translucent gate.
 32999 | Elf:1    | Found a runed translucent gate.
 32999 | Elf:1    | Found a runed translucent gate.
 33000 | Elf:1    | Found a runed translucent door.
 33018 | Elf:1    | Found a crumbling gateway.
 33042 | Desolati | Entered the Desolation of Salt
 33089 | Desolati | Identified the +2 leather armour "Ludiah" {Harm rC+ rN+}
 33092 | Desolati | Found the +8 longbow "Zephyr" {speed, Dex+3 SInv}
 33123 | Desolati | Identified the +7 hand axe of Crystal {flame, rN++}
 33156 | Desolati | Identified the +0 plate armour of Fedhas's Benevolence
                  | {-Tele rElec rN++ Will+}
 33193 | Desolati | Identified the amulet of Meamumm {RegenMP Regen+ Str+3}
 33332 | Desolati | Reached XP level 22. HP: 161/161 MP: 22/22
 33372 | Desolati | Found the +3 giant club "Skullcrusher" {speed, Str+7}
 33411 | Desolati | Identified the +1 ring mail of the Hot Ocelot {Int+4
                  | Slay+3}
 33411 | Desolati | Identified the +6 battleaxe "Impbane" {freeze, rF+}
 33432 | Desolati | Identified the Octavo of Combative Synthesis
 33443 | Desolati | Identified the ring of Coronation {Fire rN+ Str+3 Dex+4
                  | Slay+3}
 33445 | Desolati | Identified the +8 chain mail of Moaxorr {*Corrode +Inv
                  | Dex+3}
 33465 | Desolati | Identified the Notes on the Curse and Embers
 34006 | Elf:1    | Found Hufuas Zoba's Distillery.
 34014 | Elf:1    | Bought a potion of ambrosia for 120 gold pieces
 34014 | Elf:1    | Bought a potion of haste for 150 gold pieces
 34028 | Elf:1    | Noticed Azrael
 34034 | Elf:1    | Killed Azrael
 34050 | Elf:3    | Entered Level 3 of the Elven Halls
 34487 | Elf:3    | Identified the +1 leather armour of Mumblety Peg {rElec
                  | Will- Int+3}
 34503 | Elf:3    | Identified the +1 leather armour of the Gastropod {Int+3}
 34524 | Elf:3    | Identified the staff of Kusufabb {Int+4 Dex-2 Conj}
 34526 | Elf:3    | Found the +8 orange crystal plate armour {Archmagi, Int+3
                  | Clar}
 34526 | Elf:3    | Identified the Volume of the Caves
 34528 | Elf:3    | Identified the +6 scimitar "Lacertilianbane" {elec, Will+
                  | Str+3 Dex+4}
 34530 | Elf:3    | Got a shimmering gem with 931 turns to spare
 34541 | Elf:3    | Identified Sif Muna's Vellum of the Tectonic Deep Freeze
 34549 | Elf:3    | Identified the Handbook of Indurated Embers
 34557 | Elf:3    | Identified the amulet of Amelioration {Acrobat rN+}
 34557 | Elf:3    | Found the +12 glaive of Prune {freeze, Prune}
 34562 | Elf:3    | Identified the amulet "Takaalun" {RegenMP +Blink Str-3
                  | Dex+4}
 34652 | Elf:3    | Identified the Catalogue of Turbulence
 35211 | Elf:2    | Found the crystal ball of Wucad Mu {*channel}
 35517 | Elf:2    | Identified the +7 quarterstaff "Sarij" {flame, rC+ rCorr
                  | MP+9}
 35534 | Elf:2    | Found Casigg's Jewellery Shop.
 35534 | Elf:2    | Found Xeshieth's Book Emporium.
 35535 | Elf:2    | Found Xivvecar's Book Emporium.
 35581 | Elf:2    | Reached XP level 23. HP: 172/172 MP: 23/23
 35588 | Elf:2    | Found a runed translucent gate.
 35589 | Elf:2    | Found a runed translucent gate.
 35589 | Elf:2    | Found a runed translucent gate.
 35719 | Elf:2    | Learned a level 3 spell: Passwall
 36147 | Elf:1    | Paralysed by an air elemental for 1 turns
 36156 | Elf:1    | Identified the Directory of the Seventy-Seven Knives
 36309 | Elf:1    | Found a runed translucent door.
 37147 | Depths:1 | Entered Level 1 of the Depths
 37151 | Depths:1 | Reached skill level 1 in Earth Magic
 37153 | Depths:1 | Reached skill level 15 in Fighting
 37175 | Depths:1 | Found a shimmering altar of Xom.
 37383 | Depths:2 | Found Kaoth's Self-Improvement Boutique.
 37390 | Depths:2 | Bought a manual of Dodging for 1280 gold pieces
 37390 | Depths:2 | Bought a manual of Throwing for 1280 gold pieces
 37462 | Depths:4 | Entered Level 4 of the Depths
 37465 | Depths:4 | Found a gateway to Hell.
 37465 | Depths:4 | Found a one-way gate leading to the halls of Pandemonium.
 37468 | Depths:4 | Noticed a golden dragon
 37474 | Depths:4 | Killed a golden dragon
 37531 | Depths:4 | Found a gate to the Realm of Zot.
 37536 | Depths:4 | Got a midnight gem with 2495 turns to spare
 37830 | Depths:1 | Reached XP level 24. HP: 182/182 MP: 23/23
 38015 | Depths:1 | Found a sparkling altar of Nemelex Xobeh.
 38423 | Depths:2 | Reached skill level 5 in Earth Magic
 38434 | Depths:2 | Identified the amulet of the Stallion {Acrobat Str+4}
 38445 | Depths:2 | Identified the Vademecum on Command
 38565 | Depths:2 | Noticed Vv
 38576 | Depths:2 | Killed Vv
 38589 | Depths:2 | Acquired the +7 tower shield of the Valley {Dex+7 SInv}
 38670 | Depths:2 | Found a one-way gateway to a ziggurat.
 39265 | Depths:3 | Found a transporter.
 39267 | Depths:3 | Found a transporter.
 39282 | Depths:3 | Found a transporter.
 39288 | Depths:3 | Found a transporter.
 39362 | Depths:3 | Found a one-way gate to the infinite horrors of the Abyss.
 39509 | Depths:3 | Found a transporter.
 39513 | Depths:3 | Found a transporter.
 39685 | Depths:4 | Noticed a caustic shrike
 39685 | Depths:4 | Noticed a caustic shrike
 39692 | Depths:4 | Killed a caustic shrike
 39694 | Depths:4 | Killed a caustic shrike
 39726 | Depths:4 | Noticed a caustic shrike
 39727 | Depths:4 | Noticed a caustic shrike
 39727 | Depths:4 | Noticed a caustic shrike
 39730 | Depths:4 | Killed a caustic shrike
 39734 | Depths:4 | Killed a caustic shrike
 39739 | Depths:4 | Killed a caustic shrike
 40394 | Depths:4 | Noticed a juggernaut
 40399 | Depths:4 | Killed a juggernaut
 40730 | Vaults:5 | Entered Level 5 of the Vaults
 40737 | Vaults:5 | Reached skill level 1 in Spellcasting
 40757 | Vaults:5 | Reached XP level 25. HP: 190/190 MP: 30/30
 40767 | Vaults:5 | Noticed a dread lich
 40779 | Vaults:5 | Killed a dread lich
 40781 | Vaults:5 | Identified the staff of the Antique God {rF+ Dex+3 Fire}
 40843 | Vaults:5 | Noticed an ancient lich
 40855 | Vaults:5 | Identified the ring of Noon {rC+++ AC+4 Str-2 Int+5 SInv}
 40855 | Vaults:5 | Identified the ring "Zotourin" {^Drain Str+3 Dex+6 Slay+2}
 40855 | Vaults:5 | Noticed a dread lich
 40856 | Vaults:5 | Killed a dread lich
 40877 | Vaults:5 | Identified the +1 great mace of Tenacity {freeze, Will++
                  | Str+3}
 40891 | Vaults:5 | Killed an ancient lich
 41177 | Vaults:5 | Identified the +1 plate armour "Norotomn" {rC+}
 41287 | Vaults:5 | Identified the +3 arbalest "Ixtear" {speed, rPois Will+
                  | Str+7}
 41424 | Vaults:5 | Identified the amulet of Wuwamp {Spirit Int+4}
 41641 | Vaults:5 | Identified the +0 pair of gloves of a Labyrinth {rF+}
 41752 | Vaults:5 | Identified the +6 mace "Diuwytz" {protect, rElec Will+
                  | Dex-2}
 41809 | Vaults:5 | Got a silver rune of Zot
 42061 | Hell     | Entered the Vestibule of Hell
 42061 | Hell     | Noticed Geryon
 42070 | Hell     | Reached skill level 5 in Spellcasting
 42212 | Hell     | Reached XP level 26. HP: 199/199 MP: 36/36
 42305 | Hell     | Killed Geryon
 42400 | D:15     | You paid a toll of the horn of Geryon to enter a treasure
                  | trove
 42401 | Trove    | Entered a treasure trove
 42406 | Trove    | Identified the ring "Ofutibb" {rF+ rC- Slay+4 Stlth+}
 42406 | Trove    | Identified the ring of Moasoiso {Fire rElec rN+}
 42406 | Trove    | Identified the orb "Vosmotek" {*channel, rCorr Int+4 Dex-5
                  | Hexes}
 42406 | Trove    | Found the ring of the Hare {EV+10}
 42622 | Hell     | Found a gateway to the ashen valley of Gehenna.
 42690 | Hell     | Found a gateway to the Iron City of Dis.
 42743 | Hell     | Found a gateway to the freezing wastes of Cocytus.
 42865 | Hell     | Found a gateway to the decaying netherworld of Tartarus.
 43149 | Crypt:1  | Entered Level 1 of the Crypt
 43200 | Crypt:1  | Reached skill level 1 in Evocations
 43226 | Crypt:1  | Noticed Sojobo
 43240 | Crypt:1  | Killed Sojobo
 43296 | Crypt:3  | Entered Level 3 of the Crypt
 43351 | Crypt:3  | Reached skill level 1 in Translocations
 43412 | Crypt:3  | Paralysed by a vampire knight for 5 turns
 43444 | Crypt:3  | Noticed Mennas
 43456 | Crypt:3  | Killed Mennas
 43488 | Crypt:3  | Found a basalt altar of Yredelemnul.
 43488 | Crypt:3  | Noticed a dread lich
 43490 | Crypt:3  | Killed a dread lich
 43503 | Crypt:3  | Got an ivory gem with 1361 turns to spare
 43506 | Crypt:3  | Identified the +1 robe "Vaqieni" {rF+ Will+ Int-5}
 43514 | Crypt:3  | Acquired a manual of Spellcasting
 43569 | Crypt:3  | Reached skill level 2 in Translocations
 43831 | Crypt:3  | Found the macabre finger necklace {Finger+ rN+}
 44053 | Crypt:2  | Acquired 1223 gold pieces
 44089 | Crypt:2  | Reached skill level 3 in Translocations
 44152 | Crypt:2  | Identified the Tome of the Gift
 44402 | Crypt:2  | Identified the +1 mace of the Bursting Hero {venom, rN+
                  | Str+3}
 44605 | Crypt:1  | Paralysed by a vampire knight for 5 turns
 45145 | Pan      | Entered Pandemonium
 45169 | Pan      | Noticed Miciodul the pandemonium lord
 45187 | Pan      | Killed Miciodul the pandemonium lord
 45190 | Pan      | Reached skill level 4 in Translocations
 45228 | Pan      | Reached skill level 5 in Evocations
 45275 | Pan      | Identified the +1 pair of boots "Jita" {rPois rC+}
 45326 | Pan      | Noticed Adock the pandemonium lord
 45386 | Pan      | Killed Adock the pandemonium lord
 45387 | Pan      | Reached XP level 27. HP: 155/212 MP: 38/38
 45553 | Pan      | Reached skill level 5 in Translocations
 45612 | Pan      | Noticed Pafo the pandemonium lord
 45624 | Pan      | Killed Pafo the pandemonium lord
 45684 | Pan      | Got a demonic rune of Zot
 45822 | Pan      | Identified the ring "Veesmoog" {*Corrode Fly EV+5 Str+4
                  | Slay+2}
 45885 | Pan      | Found an exit through the horrors of the Abyss.
 45932 | Pan      | Reached skill level 6 in Translocations
 46074 | Pan      | Entered the realm of Mnoleg.
 46114 | Pan      | Gained mutation: You are occasionally teleported next to
                  | monsters. [a cacodemon]
 46166 | Pan      | Gained mutation: You expend magic power (3 MP) to
                  | strengthen your wands. [a neqoxec]
 46196 | Pan      | Noticed Mnoleg
 46202 | Pan      | Gained mutation: You are often teleported next to monsters.
                  | [a shining eye]
 46207 | Pan      | Killed Mnoleg
 46282 | Pan      | Gained mutation: You have hidden genetic defects. [a
                  | neqoxec]
 46369 | Pan      | Got a glowing rune of Zot
 46370 | Pan      | Lost mutation: You expend magic power (3 MP) to strengthen
                  | your wands. [potion of mutation]
 46370 | Pan      | Lost mutation: You have hidden genetic defects. [potion of
                  | mutation]
 46370 | Pan      | Gained mutation: You have hidden genetic defects. [potion
                  | of mutation]
 46370 | Pan      | Gained mutation: Your magical capacity is low. (-10% MP)
                  | [potion of mutation]
 46370 | Pan      | Gained mutation: Your magical capacity is very low. (-20%
                  | MP) [potion of mutation]
 46370 | Pan      | Gained mutation: You passively dampen the noise of your
                  | surroundings. [potion of mutation]
 46371 | Pan      | Lost mutation: Your magical capacity is very low. (-20% MP)
                  | [potion of mutation]
 46371 | Pan      | Lost mutation: You are often teleported next to monsters.
                  | [potion of mutation]
 46371 | Pan      | Lost mutation: You have hidden genetic defects. [potion of
                  | mutation]
 46371 | Pan      | Gained mutation: You passively map a small area around you.
                  | [potion of mutation]
 46371 | Pan      | Gained mutation: You have hidden genetic potential. [potion
                  | of mutation]
 46371 | Pan      | Gained mutation: Your body sometimes deteriorates upon
                  | taking damage. [potion of mutation]
 46371 | Pan      | Gained mutation: You are agile. (Dex +4, Str/Int -1)
                  | [potion of mutation]
 46372 | Pan      | Lost mutation: You have hidden genetic potential. [potion
                  | of mutation]
 46372 | Pan      | Lost mutation: You passively dampen the noise of your
                  | surroundings. [potion of mutation]
 46372 | Pan      | Gained mutation: You occasionally lose the ability to drink
                  | potions when taking damage. [potion of mutation]
 46372 | Pan      | Gained mutation: Your muscles are strong. (Str +4, Int/Dex
                  | -1) [potion of mutation]
 46372 | Pan      | Gained mutation: Your system is resistant to poisons.
                  | (rPois) [potion of mutation]
 46373 | Pan      | Lost mutation: You occasionally lose the ability to drink
                  | potions when taking damage. [potion of mutation]
 46373 | Pan      | Lost mutation: You are agile. (Dex +4, Str/Int -1) [potion
                  | of mutation]
 46373 | Pan      | Lost mutation: Your magical capacity is low. (-10% MP)
                  | [potion of mutation]
 46373 | Pan      | Gained mutation: You occasionally lose the ability to drink
                  | potions when taking damage. [potion of mutation]
 46373 | Pan      | Gained mutation: You have very sharp teeth. [potion of
                  | mutation]
 46374 | Pan      | Lost mutation: You occasionally lose the ability to drink
                  | potions when taking damage. [potion of mutation]
 46374 | Pan      | Lost mutation: Your body sometimes deteriorates upon taking
                  | damage. [potion of mutation]
 46374 | Pan      | Gained mutation: Your mind is acute. (Int +4, Str/Dex -1)
                  | [potion of mutation]
 46440 | Pan      | Entered the realm of Cerebov.
 46568 | Pan      | Found the +6 sword of Cerebov {flame}
 46568 | Pan      | Noticed Cerebov
 46678 | Pan      | Reached skill level 7 in Translocations
 46719 | Pan      | Identified the +6 halberd of Cemot {flame, ^Fragile rElec
                  | rCorr Int+6}
 46782 | Pan      | Identified the +6 scale mail of Rakku {rPois rCorr Str+9
                  | Int-3}
 46782 | Pan      | Identified the +0 pair of gloves "Walekhledgh" {Fly rC+
                  | Dex+3}
 46783 | Pan      | Identified the Information on Translocated Necromancy
 46783 | Pan      | Identified the staff of Defiance {Will+ Conj}
 46791 | Pan      | Killed Cerebov
 47043 | Pan      | Identified the ring of Qazlal, Summoning {rPois rF+ rCorr}
 47095 | Pan      | Identified the +8 sling "Wear" {freeze, Will+}
 47189 | Pan      | Identified the staff "Bubloepa" {rF+ rC+ Necro Fire}
 47190 | Pan      | Identified the +7 short sword "Qituaj" {chaos, rF+ rCorr}
 47230 | Pan      | Got a fiery rune of Zot
 47270 | Pan      | Found a runed translucent door.
 47291 | Pan      | Found a runed translucent door.
 47311 | Pan      | Found a runed translucent door.
 47319 | Pan      | Noticed Haaf the pandemonium lord
 47320 | Pan      | Found a runed translucent door.
 47322 | Pan      | Killed Haaf the pandemonium lord
 47337 | Pan      | Identified the ring of Resiutak {Fly rElec rC+ AC+4 Stlth-}
 47510 | Pan      | Found a transporter.
 47533 | Pan      | Reached skill level 10 in Spellcasting
 47656 | Pan      | Found a transporter.
 47656 | Pan      | Identified the Atlas of Correspondence
 47657 | Pan      | Identified the amulet of Ekach {Regen+ Str+4}
 47657 | Pan      | Identified the ring of Betam {rC+ Int+3}
 47691 | Pan      | Entered the realm of Gloorx Vloq.
 47710 | Pan      | Reached skill level 8 in Translocations
 47766 | Pan      | Noticed Gloorx Vloq
 47779 | Pan      | Killed Gloorx Vloq
 47786 | Pan      | Got a dark rune of Zot
 47856 | Pan      | Found an exit through the horrors of the Abyss.
 47950 | Pan      | Noticed Jayrphab the pandemonium lord
 47955 | Pan      | Killed Jayrphab the pandemonium lord
 48019 | Pan      | Found an exit through the horrors of the Abyss.
 48107 | Pan      | Found an exit through the horrors of the Abyss.
 48230 | Pan      | Noticed Kiowetheali the pandemonium lord
 48233 | Pan      | Killed Kiowetheali the pandemonium lord
 48293 | Pan      | Noticed Oritumma the pandemonium lord
 48301 | Pan      | Killed Oritumma the pandemonium lord
 48321 | Pan      | Reached skill level 10 in Evocations
 48347 | Pan      | Reached skill level 9 in Translocations
 48476 | Pan      | Noticed Hitaowoh the pandemonium lord
 48481 | Pan      | Killed Hitaowoh the pandemonium lord
 48525 | Depths:1 | Escaped Pandemonium
 48533 | Pan      | Entered the realm of Lom Lobon.
 48533 | Pan      | Entered Pandemonium
 48578 | Pan      | Noticed Lom Lobon
 48791 | Pan      | Killed Lom Lobon
 48835 | Pan      | Got a magical rune of Zot
 48965 | Pan      | Found an exit through the horrors of the Abyss.
 49105 | Pan      | Found an exit through the horrors of the Abyss.
 49166 | Pan      | Noticed Cumuph the pandemonium lord
 49232 | Pan      | Gained mutation: You are vulnerable to heat. (rF-) [a
                  | cacodemon]
 49289 | Pan      | Gained mutation: You are clumsy. (Dex -2) [a neqoxec]
 49306 | Pan      | Noticed Jeon the pandemonium lord
 49385 | Pan      | Found a huge runed translucent gate.
 49403 | Pan      | Found a huge runed translucent gate.
 49404 | Pan      | Found a huge runed translucent gate.
 49404 | Pan      | Found a huge runed translucent gate.
 49404 | Pan      | Found a huge runed translucent gate.
 49404 | Pan      | Found a huge runed translucent gate.
 49406 | Pan      | Found a huge runed translucent gate.
 49414 | Pan      | Noticed Ruzafud the pandemonium lord
 49417 | Pan      | Reached skill level 10 in Translocations
 49426 | Pan      | Killed Ruzafud the pandemonium lord
 49427 | Pan      | Found an exit through the horrors of the Abyss.
 49549 | Pan      | Found an exit through the horrors of the Abyss.
 49743 | Pan      | Found an exit through the horrors of the Abyss.
 49764 | Pan      | Found an exit through the horrors of the Abyss.
 49935 | Pan      | Found an exit through the horrors of the Abyss.
 50023 | Pan      | Noticed Zejonotz the pandemonium lord
 50031 | Pan      | Killed Zejonotz the pandemonium lord
 50097 | Pan      | Identified the +0 plate armour of Voolod {Int+3 Dex+4}
 50274 | Pan      | Noticed Along the pandemonium lord
 50277 | Pan      | Killed Along the pandemonium lord
 50394 | Pan      | Found an exit through the horrors of the Abyss.
 50403 | Depths:1 | Escaped Pandemonium
 50486 | Depths:3 | Voluntarily entered the Abyss.
 50495 | Abyss:1  | Found a corrupted altar of Lugonu.
 50594 | Abyss:1  | Found a corrupted altar of Lugonu.
 50650 | Abyss:1  | Found a corrupted altar of Lugonu.
 50695 | Abyss:1  | Paralysed by accursed screaming for 1 turns
 50899 | Abyss:1  | Paralysed by accursed screaming for 2 turns
 50912 | Abyss:1  | Paralysed by accursed screaming for 1 turns
 50923 | Abyss:1  | Found a corrupted altar of Lugonu.
 51019 | Abyss:1  | Paralysed by accursed screaming for 1 turns
 51092 | Abyss:1  | Found a corrupted altar of Lugonu.
 51133 | Abyss:3  | Found a corrupted altar of Lugonu.
 51182 | Abyss:3  | Found a corrupted altar of Lugonu.
 51205 | Abyss:3  | Reached skill level 11 in Translocations
 51278 | Abyss:3  | Found a corrupted altar of Lugonu.
 51384 | Abyss:3  | Lost mutation: Your muscles are strong. (Str +4, Int/Dex
                  | -1) [a neqoxec]
 51396 | Abyss:3  | Lost mutation: Your mind is acute. (Int +4, Str/Dex -1)
                  | [potion of mutation]
 51396 | Abyss:3  | Lost mutation: You are vulnerable to heat. (rF-) [potion of
                  | mutation]
 51396 | Abyss:3  | Lost mutation: You have very sharp teeth. [potion of
                  | mutation]
 51396 | Abyss:3  | Gained mutation: You are strong-willed. (Will+) [potion of
                  | mutation]
 51396 | Abyss:3  | Gained mutation: Your mind is acute. (Int +4, Str/Dex -1)
                  | [potion of mutation]
 51452 | Abyss:3  | Found a corrupted altar of Lugonu.
 51469 | Abyss:3  | Reached skill level 15 in Throwing
 51543 | Abyss:4  | Found a corrupted altar of Lugonu.
 51619 | Abyss:4  | Lost mutation: Your mind is acute. (Int +4, Str/Dex -1)
                  | [potion of mutation]
 51619 | Abyss:4  | Lost mutation: You are strong-willed. (Will+) [potion of
                  | mutation]
 51619 | Abyss:4  | Lost mutation: You are occasionally teleported next to
                  | monsters. [potion of mutation]
 51619 | Abyss:4  | Gained mutation: Your magical capacity is low. (-10% MP)
                  | [potion of mutation]
 51637 | Abyss:4  | Found a corrupted altar of Lugonu.
 51640 | Abyss:4  | Found a corrupted altar of Lugonu.
 51695 | Abyss:4  | Noticed an ancient lich
 51701 | Abyss:4  | Killed an ancient lich
 51708 | Abyss:4  | Found a corrupted altar of Lugonu.
 51884 | Abyss:4  | Found a corrupted altar of Lugonu.
 51930 | Abyss:4  | Gained mutation: You are vulnerable to heat. (rF-) [a
                  | shining eye]
 51934 | Abyss:4  | Gained mutation: You sometimes lose your temper in combat.
                  | [a shining eye]
 51936 | Abyss:4  | Found a corrupted altar of Lugonu.
 51937 | Abyss:4  | Got an abyssal rune of Zot
 51939 | Abyss:4  | Gained mutation: You are frail. (-10% HP) [a shining eye]
 51968 | Abyss:4  | Found a corrupted altar of Lugonu.
 51979 | Abyss:4  | Found a corrupted altar of Lugonu.
 52014 | Depths:3 | Escaped the Abyss
 52015 | Depths:3 | Lost mutation: Your system is resistant to poisons. (rPois)
                  | [potion of mutation]
 52015 | Depths:3 | Lost mutation: Your magical capacity is low. (-10% MP)
                  | [potion of mutation]
 52015 | Depths:3 | Lost mutation: You sometimes lose your temper in combat.
                  | [potion of mutation]
 52015 | Depths:3 | Gained mutation: You occasionally lose the ability to read
                  | scrolls when taking damage. [potion of mutation]
 52015 | Depths:3 | Gained mutation: You have hidden genetic potential. [potion
                  | of mutation]
 52015 | Depths:3 | Gained mutation: One of your tentacles bears a spike.
                  | [potion of mutation]
 52016 | Depths:3 | Lost mutation: One of your tentacles bears a spike. [potion
                  | of mutation]
 52016 | Depths:3 | Lost mutation: You passively map a small area around you.
                  | [potion of mutation]
 52016 | Depths:3 | Lost mutation: You occasionally lose the ability to read
                  | scrolls when taking damage. [potion of mutation]
 52016 | Depths:3 | Gained mutation: You have a pair of small antennae on your
                  | head. [potion of mutation]
 52016 | Depths:3 | Gained mutation: You passively map a small area around you.
                  | [potion of mutation]
 52017 | Depths:3 | Lost mutation: You have hidden genetic potential. [potion
                  | of mutation]
 52017 | Depths:3 | Lost mutation: You are vulnerable to heat. (rF-) [potion of
                  | mutation]
 52017 | Depths:3 | Lost mutation: You are clumsy. (Dex -2) [potion of
                  | mutation]
 52017 | Depths:3 | Lost mutation: You have a pair of small antennae on your
                  | head. [potion of mutation]
 52017 | Depths:3 | Gained mutation: You occasionally shout uncontrollably at
                  | your foes. [potion of mutation]
 52017 | Depths:3 | Gained mutation: One of your tentacles bears a spike.
                  | [potion of mutation]
 52286 | Slime:1  | Entered Level 1 of the Pits of Slime
 52314 | Slime:2  | Gained mutation: Your spells are a little easier to cast,
                  | but a little less powerful. [a shining eye]
 52374 | Slime:5  | Entered Level 5 of the Pits of Slime
 52374 | Slime:5  | Found the +2 pair of slick slippers {slick, slippery, EV+4}
 52380 | Slime:5  | Gained mutation: You are very frail. (-20% HP) [a shining
                  | eye]
 52529 | Slime:5  | Noticed the Royal Jelly
 52531 | Slime:5  | Gained mutation: Potions are less effective at restoring
                  | your health. [a shining eye]
 52535 | Slime:5  | Killed the Royal Jelly
 52580 | Slime:5  | Identified the Spellbook of Blinking Hexing
 52582 | Slime:5  | Found the +3 warlock's mirror {omnireflect}
 52583 | Slime:5  | Identified the +4 broad axe "Pyaher" {venom, Str+3}
 52606 | Slime:5  | Got a starry gem with 219 turns to spare
 52624 | Slime:5  | Got a slimy rune of Zot
 52740 | Slime:2  | Gained mutation: You are clumsy. (Dex -2) [a shining eye]
 53054 | Dis:1    | Entered Level 1 of the Iron City of Dis
 53106 | Dis:1    | Lost mutation: One of your tentacles bears a spike. [potion
                  | of mutation]
 53106 | Dis:1    | Lost mutation: You occasionally shout uncontrollably at
                  | your foes. [potion of mutation]
 53106 | Dis:1    | Gained mutation: You sometimes lose your temper in combat.
                  | [potion of mutation]
 53107 | Dis:1    | Lost mutation: You sometimes lose your temper in combat.
                  | [potion of mutation]
 53107 | Dis:1    | Lost mutation: You are very frail. (-20% HP) [potion of
                  | mutation]
 53107 | Dis:1    | Lost mutation: You passively map a small area around you.
                  | [potion of mutation]
 53107 | Dis:1    | Gained mutation: You are very frail. (-20% HP) [potion of
                  | mutation]
 53107 | Dis:1    | Gained mutation: Your system is resistant to poisons.
                  | (rPois) [potion of mutation]
 53108 | Dis:1    | Lost mutation: Your system is resistant to poisons. (rPois)
                  | [potion of mutation]
 53108 | Dis:1    | Lost mutation: Potions are less effective at restoring your
                  | health. [potion of mutation]
 53108 | Dis:1    | Gained mutation: You have hidden genetic defects. [potion
                  | of mutation]
 53108 | Dis:1    | Gained mutation: You expend magic power (3 MP) to
                  | strengthen your wands. [potion of mutation]
 53203 | D:15     | Bought a potion of berserk rage for 90 gold pieces
 53203 | D:15     | Bought a potion of resistance for 180 gold pieces
 53203 | D:15     | Bought a potion of curing for 54 gold pieces
 53203 | D:15     | Bought a potion of curing for 54 gold pieces
 53203 | D:15     | Bought a potion of invisibility for 144 gold pieces
 53203 | D:15     | Bought a potion of mutation for 144 gold pieces
 53203 | D:15     | Lost mutation: You are very frail. (-20% HP) [potion of
                  | mutation]
 53203 | D:15     | Lost mutation: You are frail. (-10% HP) [potion of
                  | mutation]
 53203 | D:15     | Lost mutation: You are clumsy. (Dex -2) [potion of
                  | mutation]
 53203 | D:15     | Lost mutation: You have hidden genetic defects. [potion of
                  | mutation]
 53203 | D:15     | Lost mutation: Your spells are a little easier to cast, but
                  | a little less powerful. [potion of mutation]
 53251 | D:15     | Bought a potion of curing for 45 gold pieces
 53251 | D:15     | Bought 2 potions of curing for 90 gold pieces
 53251 | D:15     | Bought a potion of might for 60 gold pieces
 53251 | D:15     | Bought a potion of haste for 150 gold pieces
 53251 | D:15     | Bought a potion of invisibility for 120 gold pieces
 53459 | Dis:1    | Reached skill level 12 in Translocations
 53907 | Dis:5    | Reached skill level 13 in Translocations
 53928 | Dis:6    | Noticed an ancient lich
 53936 | Dis:6    | Killed an ancient lich
 53985 | Dis:7    | Entered Level 7 of the Iron City of Dis
 54335 | Dis:7    | Noticed a juggernaut
 54348 | Dis:7    | Killed a juggernaut
 54351 | Dis:7    | Reached skill level 14 in Translocations
 54553 | Dis:7    | Reached skill level 15 in Translocations
 54766 | Dis:7    | Noticed a juggernaut
 54769 | Dis:7    | Noticed a juggernaut
 54774 | Dis:7    | Killed a juggernaut
 54776 | Dis:7    | Killed a juggernaut
 55317 | Dis:7    | Reached skill level 16 in Translocations
 55362 | Dis:7    | Noticed Dispater
 55364 | Dis:7    | Identified the ring of Voimpis {Fire MP+9 Str+4}
 55366 | Dis:7    | Identified the ring "Gaegoer" {Fly rC+ rN+ rCorr Dex-3}
 55379 | Dis:7    | Killed Dispater
 55391 | Dis:7    | Identified the staff "Honle" {rF+ Int+3 Fire}
 55396 | Dis:7    | Identified the ring of Tokkog {rF+ Will+ Str+3 Int-4}
 55397 | Dis:7    | Got an iron rune of Zot
 55768 | Coc:1    | Entered Level 1 of Cocytus
 56294 | Coc:4    | Reached skill level 17 in Translocations
 56469 | Coc:5    | Reached skill level 18 in Translocations
 56528 | Coc:6    | Reached skill level 15 in Spellcasting
 56783 | Coc:7    | Entered Level 7 of Cocytus
 56834 | Coc:7    | Noticed the Serpent of Hell
 56840 | Coc:7    | Killed the Serpent of Hell
 56856 | Coc:7    | Reached skill level 19 in Translocations
 57261 | Coc:7    | Noticed Antaeus
 57272 | Coc:7    | Killed Antaeus
 57308 | Coc:7    | Got an icy rune of Zot
 57424 | Coc:7    | Identified the +1 ring mail "Logrynk" {rN++ Stlth+}
 57427 | Coc:7    | Reached skill level 20 in Translocations
 57558 | Geh:1    | Entered Level 1 of Gehenna
 58380 | Geh:4    | Found a corrupted altar of Lugonu.
 58449 | Geh:4    | Reached skill level 21 in Translocations
 58575 | Geh:5    | Noticed an ancient lich
 58575 | Geh:5    | Noticed an ancient lich
 58575 | Geh:5    | Noticed a dread lich
 58575 | Geh:5    | Noticed an ancient lich
 58575 | Geh:5    | Noticed an ancient lich
 58575 | Geh:5    | Noticed an ancient lich
 58580 | Geh:5    | Killed an ancient lich
 58581 | Geh:5    | Killed an ancient lich
 58584 | Geh:5    | Killed an ancient lich
 58585 | Geh:5    | Killed an ancient lich
 58592 | Geh:5    | Killed an ancient lich
 58593 | Geh:5    | Killed a dread lich
 59145 | Geh:7    | Entered Level 7 of Gehenna
 59550 | Geh:7    | Reached skill level 22 in Translocations
 59644 | Geh:7    | Identified the +5 crystal plate armour of the Known World
                  | {+Inv Str+4}
 59677 | Geh:7    | Identified Gokhluff's Octavo of Hyperthermia and Summoning
 59832 | Geh:7    | Found the +13 sceptre of Asmodeus
 59832 | Geh:7    | Noticed Asmodeus
 59839 | Geh:7    | Killed Asmodeus
 59843 | Geh:7    | Got an obsidian rune of Zot
 60029 | Tar:1    | Entered Level 1 of Tartarus
 60387 | Tar:3    | Noticed a dread lich
 60398 | Tar:3    | Killed a dread lich
 60444 | Tar:3    | Found a huge runed translucent gate.
 60444 | Tar:3    | Found a huge runed translucent gate.
 60444 | Tar:3    | Found a huge runed translucent gate.
 60444 | Tar:3    | Found a huge runed translucent gate.
 60444 | Tar:3    | Found a huge runed translucent gate.
 60444 | Tar:3    | Found a huge runed translucent gate.
 60444 | Tar:3    | Found a huge runed translucent gate.
 60444 | Tar:3    | Found a huge runed translucent gate.
 60446 | Tar:3    | Found a huge runed translucent gate.
 60447 | Tar:3    | Found a huge runed translucent gate.
 60447 | Tar:3    | Found a huge runed translucent gate.
 60448 | Tar:3    | Found a huge runed translucent gate.
 60450 | Tar:3    | Found a huge runed translucent gate.
 60451 | Tar:3    | Found a huge runed translucent gate.
 60452 | Tar:3    | Found a huge runed translucent gate.
 60453 | Tar:3    | Found a huge runed translucent gate.
 60454 | Tar:3    | Found a huge runed translucent gate.
 60455 | Tar:3    | Found a huge runed translucent gate.
 60459 | Tar:3    | Found a huge runed translucent gate.
 60461 | Tar:3    | Found a huge runed translucent gate.
 60461 | Tar:3    | Found a huge runed translucent gate.
 60471 | Tar:3    | Found a huge runed translucent gate.
 60472 | Tar:3    | Found a huge runed translucent gate.
 60473 | Tar:3    | Found a huge runed translucent gate.
 60473 | Tar:3    | Found a huge runed translucent gate.
 60476 | Tar:3    | Found a huge runed translucent gate.
 60477 | Tar:3    | Found a huge runed translucent gate.
 60478 | Tar:3    | Found a huge runed translucent gate.
 60479 | Tar:3    | Found a huge runed translucent gate.
 60479 | Tar:3    | Found a huge runed translucent gate.
 60484 | Tar:3    | Found a huge runed translucent gate.
 60485 | Tar:3    | Found a huge runed translucent gate.
 60485 | Tar:3    | Found a huge runed translucent gate.
 60485 | Tar:3    | Found a huge runed translucent gate.
 60485 | Tar:3    | Found a huge runed translucent gate.
 60489 | Tar:3    | Found a huge runed translucent gate.
 60539 | Tar:3    | Noticed an ancient lich
 60539 | Tar:3    | Noticed a dread lich
 60542 | Tar:3    | Noticed a dread lich
 60545 | Tar:3    | Noticed an ancient lich
 60548 | Tar:3    | Killed a dread lich
 60552 | Tar:3    | Killed an ancient lich
 60554 | Tar:3    | Killed a dread lich
 60555 | Tar:3    | Killed an ancient lich
 60678 | Tar:4    | Noticed a dread lich
 60682 | Tar:4    | Paralysed by a dread lich for 3 turns
 60682 | Tar:4    | Noticed an ancient lich
 60683 | Tar:4    | Noticed an ancient lich
 60686 | Tar:4    | Killed a dread lich
 60688 | Tar:4    | Killed an ancient lich
 60691 | Tar:4    | Killed an ancient lich
 60692 | Tar:4    | Reached skill level 23 in Translocations
 61298 | Tar:7    | Entered Level 7 of Tartarus
 61409 | Tar:7    | Reached skill level 24 in Translocations
 61713 | Tar:7    | Identified the ring "Medgha" {Will+ SInv}
 61713 | Tar:7    | Identified the +1 leather armour of the Lumpy Blessings
                  | {rN+ Dex+2}
 61738 | Tar:7    | Found the brooch of Shielding {Spirit SH+8}
 61738 | Tar:7    | Identified the Quarto of Erosion
 61738 | Tar:7    | Identified the +9 short sword of the Crawling Thing {venom,
                  | rElec rCorr Str-5}
 62005 | Tar:7    | Identified the +0 ring mail "Ocinuqek" {Rampage rElec
                  | rPois}
 62612 | Tar:7    | Noticed Ereshkigal
 62644 | Tar:7    | Killed Ereshkigal
 62660 | Tar:7    | Reached skill level 25 in Translocations
 62690 | Tar:7    | Got a bone rune of Zot
 63471 | Crypt:3  | Identified the Codex of Open Graves
 63472 | Crypt:3  | Found a staircase to the Tomb.
 63508 | Crypt:3  | Learned a level 8 spell: Disjunction
 63510 | Tomb:1   | Entered Level 1 of the Tomb of the Ancients
 63595 | Tomb:1   | Paralysed by a sphinx for 4 turns
 63650 | Tomb:1   | Noticed a royal mummy
 63653 | Tomb:1   | Noticed a royal mummy
 63659 | Tomb:1   | Killed a royal mummy
 63811 | Tomb:1   | Killed a royal mummy
 64310 | Tomb:2   | Noticed a royal mummy
 64310 | Tomb:2   | Noticed a royal mummy
 64310 | Tomb:2   | Noticed a royal mummy
 64310 | Tomb:2   | Noticed a royal mummy
 64453 | Tomb:3   | Entered Level 3 of the Tomb of the Ancients
 64486 | Tomb:3   | Noticed a royal mummy
 64487 | Tomb:3   | Noticed a royal mummy
 64487 | Tomb:3   | Noticed a royal mummy
 64487 | Tomb:3   | Noticed a royal mummy
 64487 | Tomb:3   | Noticed a royal mummy
 64493 | Tomb:3   | Noticed a royal mummy
 64505 | Tomb:3   | Killed a royal mummy
 64518 | Tomb:3   | Reached skill level 26 in Translocations
 64527 | Tomb:3   | Noticed a royal mummy
 64529 | Tomb:3   | Killed a royal mummy
 64543 | Tomb:3   | Killed a royal mummy
 64545 | Tomb:3   | Killed a royal mummy
 64549 | Tomb:3   | Killed a royal mummy
 64550 | Tomb:3   | Noticed a royal mummy
 64551 | Tomb:3   | Identified the +5 double sword "Glorpo" {venom, rElec}
 64553 | Tomb:3   | Noticed Khufu
 64557 | Tomb:3   | Identified the amulet "Tistrir" {Spirit rCorr}
 64557 | Tomb:3   | Identified the +5 whip of the New World {freeze, Dex+3
                  | Stlth+}
 64557 | Tomb:3   | Identified the ring "Ilixi" {Wiz Dex+3}
 64557 | Tomb:3   | Identified the Elucidation of Terrestrial Incandescence
 64610 | Tomb:3   | Killed Khufu
 64616 | Tomb:3   | Killed a royal mummy
 64637 | Tomb:3   | Killed a royal mummy
 64648 | Tomb:3   | Killed a royal mummy
 65127 | Tomb:3   | Got a golden rune of Zot
 65648 | Zot:1    | Entered Level 1 of the Realm of Zot
 65844 | Zot:4    | Reached skill level 27 in Translocations
 65926 | Zot:5    | Entered Level 5 of the Realm of Zot
 66012 | Zot:5    | Got a prismatic gem with 539 turns to spare
 66048 | Zot:5    | Noticed an orb of fire
 66051 | Zot:5    | Noticed an orb of fire
 66058 | Zot:5    | Killed an orb of fire
 66062 | Zot:5    | Killed an orb of fire
 66071 | Zot:5    | Noticed an ancient lich
 66075 | Zot:5    | Killed an ancient lich
 66082 | Zot:5    | Noticed an ancient lich
 66086 | Zot:5    | Killed an ancient lich
 66170 | Zot:5    | Got the Orb of Zot
 66175 | Zot:5    | Noticed Gudd the pandemonium lord
 66200 | Zot:5    | Killed Gudd the pandemonium lord
 66204 | Zot:5    | Noticed Xaof the pandemonium lord
 66219 | Zot:5    | Killed Xaof the pandemonium lord
 66314 | Zot:4    | Noticed Agazus the pandemonium lord
 66348 | Zot:2    | Identified Mingiyzu's Octavo of the Zealot
 66354 | Zot:2    | Found a basalt altar of Yredelemnul.
 66357 | Zot:2    | Identified the Quarto of Fire and Brimstone
 66671 | D:12     | Noticed Hixer the pandemonium lord
 66875 | D:1      | Noticed Urosuz the pandemonium lord
 66892 | D:$      | Escaped with the Orb!

Illustrated notes

Levels and vault maps discovered:
D:1:      denvon_arrival_planthouse, layout_basic
D:2:      layout_basic
D:3:      layout_rooms, grunt_temple_overflow_forces_of_nature,
          amcnicky_altar_gilded, nicolae_dithmenos_the_darkroom,
          nzn_wu_jian_contemplation, minmay_misc_feat_ornament
D:4:      layout_cave_pods, uniq_robin
D:5:      layout_gridville, cheibrodos_gnoll_hut, uniq_ijyb
D:6:      layout_basic, minmay_temple_entry_mist,
          minmay_fractal_squares_diagonal_5
D:7:      layout_loops_ring, grunt_temple_overflow_cloverleaf, minivault_23,
          serial_bayou_ford_a, minmay_holes
D:8:      layout_cave_pools
D:9:      layout_roguey, nicolae_overflow_guarded_unrand_okawaru_victory,
          enter_bailey_5
D:10:     layout_basic
D:11:     wad_statue_garden, layout_basic, dreamdust_mushroom_princess,
          uniq_nergalle, uniq_snorg
D:12:     layout_irregular_city, david_orc_5, serial_shops, shop,
          nicolae_shop_back_alley_shop, shop, nicolae_shop_waterfront, shop,
          minmay_joined_circles
D:13:     kennysheep_funnel, layout_loops_ring, onia_ninara_cookie
D:14:     layout_cave_pools, skrybe_vaults_entry_preservation,
          hangedman_abyss_or_decor_stabs, minivault_25,
          nicolae_vehumet_altar_sigil
D:15:     grunt_enter_depths_snipers, layout_loops_cross,
          nicolae_ashenzari_skybound, nicolae_trove_entry_crossroad,
          serial_shops, nicolae_shop_advertising_works
          [nicolae_subvault_shop_adworks], shop, shop, nicolae_shop_crystal,
          minmay_tree_intersection, nicolae_underground_beach
Temple:   nicolae_temple_ecumenical_triangle
Lair:1:   minmay_guarded_unrand_snakebite, layout_cave_shapes, basic_altar,
          serial_bayou_lagoon_a
Lair:2:   layout_roguey, shoals_dummy_entry, alex1729_snake_entry_snake
Lair:3:   layout_cellular_growth, gammafunk_ghost_grave,
          portal_ice_cave_demonic_guard, lemuel_centaur_altar,
          infiniplex_staircase_pool, uniq_josephine
Lair:4:   layout_hall_layers, minmay_slime_entry_oklob_enclosed
Lair:5:   evilmike_catoblepas_cave, layout_long_grid, lemuel_fruit_fields
Shoals:1: layout_shoals, nicolae_shoals_square_sea_wall, uniq_mlioglotl
Shoals:2: layout_shoals
Shoals:3: layout_shoals, nicolae_shoals_drake_roost
Shoals:4: shoals_end_simple, layout_shoals, nicolae_shoals_kraken_party
Snake:1:  layout_misc_corridors, serial_bayou_shore_a
Snake:2:  layout_misc_corridors, nicolae_snake_linked_coils
Snake:3:  layout_cave_shapes, basic_altar, grunt_megastairs_3, uniq_asterion
Snake:4:  snake_pit_salamanders_mu, layout_cave_town, uniq_donald, uniq_aizul,
          uniq_bai_suzhen
Slime:1:  layout_caves
Slime:2:  layout_caves
Slime:3:  cheibrodos_slime_lost_civilization_10, layout_caves
Slime:4:  layout_caves
Slime:5:  slime_pit_nicolae_jellycorners
Orc:1:    layout_caves, enter_volcano_3
Orc:2:    st_orc_ogre_mass, layout_caves, serial_shops, shop
Elf:1:    nicolae_elf_arrival_dilemma, layout_loops_ring,
          portal_desolation_entry_nicolae_nacl, serial_shops,
          nicolae_shop_temple_entry_statues_fountains, minmay_elf_annihilation,
          small_statue_intersection, due_unseen_surprise, uniq_azrael
Elf:2:    nicolae_elf_blades_crystal_corner, layout_geoelf_octagon,
          hangedman_elven_pyramids, minivault_5,
          minmay_checkered_concentric_circles, minmay_shop_grove
Elf:3:    elf_hall, layout_rooms, hangedman_elf_disciples
Vaults:1: nicolae_vaults_tetromino_T_2, hangedman_vaults_stagger,
          nicolae_vaults_tetromino_L_2, nicolae_vaults_storage_closets_1,
          ontoclasm_vaults_eye, nicolae_vaults_double_plus_1, v_misc_15,
          nicolae_vaults_little_squares_4, nicolae_vaults_closet_pinwheel_2,
          vaults_room_semicircle, nicolae_vaults_stairing_the_circle,
          nicolae_vaults_little_squares_2, nicolae_vaults_trapezoid_2,
          nicolae_vaults_house_2, nicolae_vaults_shelves_hall,
          layout_vaults_ring, uniq_nikola
Vaults:2: minmay_crypt_entry_simple_statues, v_rooms_5,
          nicolae_vaults_apartment_2, vaults_room_door_hall,
          hangedman_vaults_slither, nicolae_vaults_trapezoid_lopsided_3,
          nicolae_vaults_frosty_reception, grunt_vaults_focal, v_misc_19,
          layout_vaults_omnigrid, uniq_frederick
Vaults:3: nicolae_vaults_storage_closets_2, nicolae_vaults_double_plus_2,
          vaults_room_hallway, nicolae_vaults_network_square,
          grunt_vaults_hallway_long, nicolae_vaults_wrenched,
          ontoclasm_vaults_hangar, nicolae_vaults_circle_grid_a,
          layout_vaults_big_cross, uniq_mara
Vaults:4: v_misc_29, nicolae_vaults_layer_cake_slice, hangedman_vaults_locks,
          v_rooms_1, nicolae_vaults_lightning_bolt, v_misc_11, v_misc_18,
          v_alt_pattern_4, nicolae_vaults_tetromino_T_1, v_pattern_2,
          ontoclasm_vaults_loading_screen, v_alt_pattern_1,
          nicolae_vaults_trapezoid_1, ontoclasm_vaults_pinch, layout_vaults_maze
Vaults:5
Crypt:1:  layout_chaotic_city, grunt_megastairs_1, uniq_sojobo
Crypt:2:  layout_misc_corridors, nicolae_crypt_reliquary_box
Crypt:3:  cryptofortress_bobbens, uniq_mennas
Tomb:1
Tomb:2
Tomb:3
Depths:1: layout_roguey, nemelex_spade_bored_becter, hellmouth_3,
          rand_demon_pan_entry_8, led_xom_imps
Depths:2: minmay_the_grid_triangle_9x9_recursive_2
          [minmay_the_grid_triangle_9x9_prize_center,
          minmay_the_grid_triangle_9x9_negative_grid,
          minmay_the_grid_triangle_9x9_semitri,
          minmay_the_grid_triangle_9x9_intruding_spiral], layout_basic,
          enter_ziggurat_b, hell_entry, pan_entry, nicolae_shop_self_help,
          infiniplex_staircase_pool_2, uniq_vv
Depths:3: minmay_diamond_stairs, layout_cross, hellmouth_1,
          nicolae_abyss_entry_one_way_or_another, nicolae_wwwww,
          hangedman_decor_points, serial_nicolae_subway,
          nicolae_sub_station_metal, nicolae_sub_station_crystal,
          nicolae_sub_station_stone
Depths:4: evilmike_zot_entry_diamond, layout_honeycomb, pan_entry,
          minmay_stone_trees_small, hell_entry
Hell
Dis:1:    layout_jigsaw, nicolae_dis_distal_crystal
Dis:2:    nicolae_dis_heavy_handed_symbolism
Dis:3:    layout_overlapping_boxes
Dis:4:    layout_regular_city
Dis:5:    layout_gridville
Dis:6:    layout_gridville
Dis:7:    dis_grunt_layers
Geh:1:    layout_gehenna_pools_box, tekkud_geh_sculpture_garden
Geh:2:    layout_gehenna_pools_triple, nicolae_geh_amphitheater
Geh:3:    nicolae_geh_lava_swirls, layout_gehenna_pools_basic
Geh:4:    layout_gehenna_lava_caves, amcnicky_altar_lugonu_corruption
Geh:5:    layout_gehenna_pools_basic, nicolae_geh_liches_on_tour
Geh:6:    layout_gehenna_lava_caves, nicolae_geh_single_fiery_grave
Geh:7:    geh_old
Coc:1:    layout_cocytus_water_paths
Coc:2:    layout_cocytus_delve, nicolae_hells_fiendish_ambush
Coc:3:    layout_cocytus_water_paths
Coc:4:    layout_cocytus_water_paths
Coc:5:    layout_cocytus_water_paths
Coc:6:    layout_ice_bergs
Coc:7:    coc_dpeg
Tar:1:    layout_cathedral_of_symmetry
Tar:2:    layout_cathedral_of_symmetry
Tar:3:    layout_cathedral_of_symmetry, door_vault
Tar:4:    hangedman_restless_catacombs
Tar:5:    layout_cathedral_of_symmetry
Tar:6:    layout_catacombs
Tar:7:    tar_mu [tar_mu_maze]
Zot:1:    layout_basic, basic_altar
Zot:2:    nicolae_zot_draconian_monastery, layout_onion_interference,
          regret_index_zotdec_carving_tricks
Zot:3:    layout_gridville, regret_index_zotdec_zees,
          regret_index_zotdec_obsidian_hm
Zot:4:    layout_misc_corridors, hangedman_zot_decor_scrapings
Zot:5:    layout_misc_corridors

Skill      XL: |  1  2  3  4  5  6  7  8  9 10 11 12 13 14 15 16 17 18 19 20 21 22 23 24 25 26 27 |
---------------+----------------------------------------------------------------------------------+-----
Unarmed Combat | 3 4 5 6 8 9 10 12 13 14 16 17 18 19 20 21 22 23 | 23.3
Throwing       | 1 2 3 4 7 8 9 10 11 12 20 | 20.4
Fighting       | 4 5 6 7 9 10 11 12 13 14 15 16 17 22 | 22.4
Dodging        | 4 5 6 7 8 9 10 12 13 14 15 16 17 18 19 21 22 23 25 | 25.5
Shapeshifting  | 2 4 5 6 7 8 10 11 12 13 14 15 16 17 18 22 | 22.4
Shields        | 4 5 6 7 9 10 11 12 14 15 16 17 19 20 21 25 | 25.2
Earth Magic    | 4 6 |  6.6
Spellcasting   | 2 5 6 23 | 23.4
Evocations     | 5 14 | 14.7
Translocations | 4 27 | 27.0

Action                     |  1- 3 |  4- 6 |  7- 9 | 10-12 | 13-15 | 16-18 | 19-21 | 22-24 | 25-27 || total
---------------------------+-------+-------+-------+-------+-------+-------+-------+-------+-------++-------
  Melee: Unarmed           |    56 |   123 |   194 |   453 |   711 |   797 |   839 |   711 |  4300 ||  8184
         Constrict         |    19 |    31 |    46 |    66 |    98 |    90 |   129 |   134 |   619 ||  1232
         Tentacles         |    16 |    28 |    54 |   110 |   194 |   186 |   207 |   159 |  1024 ||  1978
         Punch             |       |     6 |    11 |    60 |    90 |   103 |   163 |   127 |   887 ||  1447
         Bite              |       |       |       |       |       |       |       |       |    99 ||    99
         Kick              |       |       |       |       |       |       |       |       |    65 ||    65
  Throw: Stone             |     2 |    43 |       |    51 |    50 |     9 |       |       |       ||   155
         Dart              |       |     5 |    23 |   114 |    52 |    29 |     4 |       |       ||   227
         Boomerang         |       |     1 |       |   104 |    77 |    28 |    16 |    48 |   119 ||   393
         Throwing net      |       |       |       |       |     3 |       |       |       |       ||     3
         Javelin           |       |       |       |       |       |     2 |       |    14 |    38 ||    54
   Cast: Passwall          |       |       |       |       |       |       |       |     1 |       ||     1
         Manifold Assault  |       |       |       |       |       |       |       |       |   127 ||   127
         Iskenderun's Myst |       |       |       |       |       |       |       |       |    13 ||    13
         Disjunction       |       |       |       |       |       |       |       |       |     3 ||     3
 Invoke: Curse Item        |       |       |     2 |     5 |     2 |     4 |     2 |     2 |     5 ||    22
         Shatter the Chain |       |       |       |       |     3 |     1 |     2 |       |     7 ||    13
  Evoke: Wand              |       |       |     3 |     7 |    36 |    21 |       |     3 |    18 ||    88
         Phantom mirror    |       |       |       |     1 |     1 |     1 |       |       |     9 ||    12
         Tin of tremorston |       |       |       |       |     1 |     2 |       |       |     4 ||     7
    Use: Scroll            |       |     1 |     1 |       |    14 |       |     1 |     6 |    53 ||    76
         Potion            |       |       |     2 |     1 |    10 |     1 |       |     5 |    50 ||    69
   Stab: Sleeping          |     6 |     7 |     5 |     5 |     6 |    14 |    22 |     8 |    12 ||    85
         Distracted        |       |     1 |       |       |       |     3 |     4 |     5 |    28 ||    41
         Invisible         |       |       |       |     1 |     6 |       |       |       |    14 ||    21
         Held in net/web   |       |       |       |       |     2 |       |       |       |       ||     2
         Betrayed ally     |       |       |       |       |       |     2 |       |       |       ||     2
 Armour: Skin              |    11 |    30 |    57 |   113 |   232 |   293 |   318 |   206 |   977 ||  2237
  Dodge: Dodged            |    24 |    40 |   127 |   328 |   515 |  1001 |   918 |   572 |  3653 ||  7178
  Block: Buckler           |    11 |    20 |    37 |   100 |   155 |   337 |   250 |       |       ||   910
         Kite shield       |       |       |       |       |       |       |   311 |   623 |   980 ||  1914
         Tower shield      |       |       |       |       |       |       |       |       |  5432 ||  5432
   Form: Statue            |       |       |       |       |       |     1 |       |       |     1 ||     2
         Death             |       |       |       |       |       |       |       |       |     1 ||     1
